 Dungeon Crawl Stone Soup version 0.31-a0-1042-ga9834b3 (webtiles) character file.

Game seed: 12163093131592211181

19551259 luciddream001 the Minotaur Barricade (level 27, 300/300 HPs)
             Began as a Minotaur Fighter on Nov 17, 2023.
             Was a High Priest of Qazlal.
             Escaped with the Orb
             ... and 15 runes on Nov 19, 2023!
             The game lasted 04:44:20 (78638 turns).

luciddream001 the Minotaur Barricade (MiFi)        Turns: 78638, Time: 04:44:21

Health: 300/300    AC: 48    Str: 43      XL:     27
Magic:  30/30      EV: 25    Int:  5 (6)  God:    Qazlal [*****.]
Gold:   7298       SH: 42    Dex: 19 (20) Spells: 26/26 levels left

rFire   + + +        x - +9 broad axe (spect)
rCold   + + +        G - +8 tower shield {reflect}
rNeg    + + +        p - +11 gold dragon scales
rPois   ∞            i - +2 hood of the Assassin {Detect Stab+ Stlth++}
rElec   +            L - scarf "Cazuyt" {rC+ rF+, +Blink MP-9 Slay+2}
rCorr   +            v - +2 pair of gloves "Deimur" {Contam rPois Str+7 Slay+3}
SInv    +            K - +2 pair of boots "Ephetuaz" {rF+ Int+3 SInv}
Will    ++++.        T - amulet of Vitality {RegenMP++ Regen++} Stlth
                     V - ring of Rugifut {rElec Str+5 SInv}
HPRegen 2.30/turn    w - ring of the Platytaur {rC+ Will+ rCorr}
MPRegen 1.02/turn

%: repel missiles, reflection
@: death-form, studying 4 skills
A: vile attack, torment immunity, no potions, horns 2, retaliatory headbutt,
agile 2, robust 1
0: Orb of Zot
}: 15/15 runes: decaying, serpentine, slimy, silver, golden, iron, obsidian,
icy, bone, abyssal, demonic, glowing, magical, fiery, dark
a: Siphon Essence, Begin Untransformation, Renounce Religion, Evoke Blink,
Upheaval, Elemental Force, Disaster Area


You escaped.
You worshipped Qazlal.
Qazlal was extremely pleased with you.
You were an undying horror.
You visited 18 branches of the dungeon, and saw 88 of its levels.
You visited Pandemonium 2 times, and saw 15 of its levels.
You visited the Abyss 25 times.
You also visited: Trove, Bailey, Volcano, Wizlab and Desolation.

You collected 14724 gold pieces.
You spent 3915 gold pieces at shops.
You donated 3511 gold pieces to Zin.

Inventory:

Hand Weapons
 o - a +9 broad axe of electrocution
 x - a +9 spectral broad axe (weapon)
Missiles
 e - 40 atropa-tipped darts
 l - 5 darts of dispersal
 r - 22 curare-tipped darts (quivered)
 P - 42 silver javelins
 Q - 6 throwing nets
Armour
 i - the +2 hood of the Assassin (worn) {Detect Stab+ Stlth++}
   (You found it on level 3 of the Elven Halls)

   Detect:    It allows the wearer to sense nearby creatures.
   Stab+:     It allows the wearer to make particularly effective stabbing
   attacks against helpless or unaware enemies with any weapon.
   Stlth++:   It makes you much more stealthy.
 m - the +8 fire dragon scales of the Original Sin {rF++ rC- Will++ Regen+ Dex+3}
   (You took it off a yaktaur captain on level 5 of the Vaults)

   Dex+3:     It affects your dexterity (+3).
   rF++:      It greatly protects you from fire.
   rC-:       It makes you vulnerable to cold.
   Will++:    It greatly increases your willpower.
   Regen+:    It increases your rate of health regeneration.
 p - +11 gold dragon scales (worn)
 v - the +2 pair of gloves "Deimur" (worn) {Contam rPois Str+7 Slay+3}
   (You found it on level 3 of the Dungeon)

   Str+7:     It affects your strength (+7).
   Slay+3:    It affects your accuracy & damage with ranged weapons and melee
   (+3).
   rPois:     It protects you from poison Contam: It causes magical
   contamination when unequipped.
 G - a +8 tower shield of reflection (worn)
 K - the +2 pair of boots "Ephetuaz" (worn) {rF+ Int+3 SInv}
   (You found it on level 9 of the Dungeon)

   Int+3:     It affects your intelligence (+3).
   rF+:       It protects you from fire.
   SInv:      It lets you see invisible.
 L - the scarf "Cazuyt" (worn) {rC+ rF+, +Blink MP-9 Slay+2}
   (You found it in Pandemonium)

   Slay+2:    It affects your accuracy & damage with ranged weapons and melee
   (+2).
   MP-9:      It affects your magic capacity (-9).
   +Blink:    It lets you blink.
 W - the +8 orange crystal plate armour {Archmagi, Int+3 Clar}
   (Okawaru gifted it to you on level 2 of the Lair of Beasts)

   Int+3:     It affects your intelligence (+3).
   Clar:      It protects you from confusion, rage, mesmerisation and fear.
Jewellery
 d - the ring of Hutodd {Fly rC+ Will+}
   (You found it in a treasure trove)

   [ring of flight]

   rC+:       It protects you from cold.
   Will+:     It increases your willpower.
   Fly:       It grants you flight.
 s - a +6 ring of dexterity
 w - the ring of the Platytaur (right hand) {rC+ Will+ rCorr}
   (You found it in the Desolation of Salt)

   [ring of resist corrosion]

   rC+:       It protects you from cold.
   Will+:     It increases your willpower.
   rCorr:     It protects you from acid and corrosion.
 D - the ring of the Unkillable {rF+ rCorr Str+6 Dex+4}
   (You bought it in a shop on level 1 of the Elven Halls)

   [ring of strength]

   Str+6:     It affects your strength (+6).
   Dex+4:     It affects your dexterity (+4).
   rF+:       It protects you from fire.
   rCorr:     It protects you from acid and corrosion.
 E - a ring of wizardry
 R - the dreamshard necklace {Acrobat *Dream}
   (You found it in a treasure trove)

   [amulet of the acrobat]

   *Dream:    It absorbs a single lethal wound into itself, holding its wearer
   just short of death and releasing dream-creatures to guard them.
   Acrobat:   It increases your evasion while moving and waiting.
 T - the amulet of Vitality (around neck) {RegenMP++ Regen++}
   (You found it on level 14 of the Dungeon)

   [amulet of magic regeneration]

   RegenMP:   It increases your rate of magic regeneration.
   Regen++:   It increases your rate of health regeneration.
 V - the ring of Rugifut (left hand) {rElec Str+5 SInv}
   (You found it in a treasure trove)

   [ring of see invisible]

   Str+5:     It affects your strength (+5).
   rElec:     It insulates you from electricity.
   SInv:      It lets you see invisible.
Talismans
 Y - a talisman of death (active)
Wands
 U - a wand of digging (31)
Scrolls
 f - 6 scrolls of immolation
 g - 12 scrolls of blinking
 j - 5 scrolls of butterflies
 q - 29 scrolls of teleportation
 t - 11 scrolls of fear
 B - 4 scrolls of torment
 H - 9 scrolls of fog
 I - 3 scrolls of silence
 M - a scroll of enchant weapon
Potions
 b - 21 potions of heal wounds
 c - 4 potions of ambrosia
 h - 9 potions of mutation
 n - 29 potions of curing
 u - 9 potions of attraction
 z - 5 potions of haste
 A - 13 potions of lignification
 C - 3 potions of enlightenment
 F - 11 potions of brilliance
 N - 5 potions of cancellation
 O - 11 potions of might
 S - 2 potions of resistance
 Z - 2 potions of invisibility
Miscellaneous
 a - a sack of spiders
 k - a phantom mirror
 y - a phial of floods
 X - a lightning rod (4/4)


   Skills:
 O Level 27 Fighting
 O Level 27 Axes
 O Level 27 Throwing
 O Level 27 Armour
 O Level 27 Dodging
 + Level 12.8 Stealth
 O Level 27 Shields
 O Level 27 Invocations
 O Level 27 Shapeshifting


You had 26 spell levels left.
You didn't know any spells.
Your spell library contained the following spells:

 Spells                   Type           Power      Damage    Failure   Level
 Apportation              Tloc           0%         N/A       86%         1
 Kiss of Death            Conj/Necr      0%         2d5       86%         1
 Magic Dart               Conj           0%         1d3       86%         1
 Necrotise                Necr           0%         1d4       86%         1
 Sandblast                Erth           0%         2d4       86%         1
 Shock                    Conj/Air       0%         1d3       86%         1
 Slow                     Hex            0%         N/A       86%         1
 Sting                    Tmut/Pois      0%         1d3       86%         1
 Summon Small Mammal      Summ           0%         N/A       86%         1
 Blink                    Tloc           0%         N/A       95%         2
 Call Imp                 Summ           0%         N/A       95%         2
 Cigotuvi's Dreadful Rot  Necr/Pois/Air  0%         N/A       95%         2
 Ensorcelled Hibernation  Hex/Ice        0%         N/A       95%         2
 Lesser Beckoning         Tloc           0%         N/A       95%         2
 Momentum Strike          Conj/Tloc      0%         3d8       95%         2
 Passwall                 Tmut/Erth      0%         N/A       95%         2
 Poisonous Vapours        Pois/Air       0%         N/A       95%         2
 Scorch                   Fire           0%         2d5       95%         2
 Searing Ray              Conj           0%         2d4       95%         2
 Static Discharge         Conj/Air       0%         3-3/arc   95%         2
 Sublimation of Blood     Necr           0%         N/A       95%         2
 Wereblood                Tmut           0%         N/A       95%         2
 Call Canine Familiar     Summ           0%         N/A       99%         3
 Confusing Touch          Hex            0%         N/A       99%         3
 Dazzling Flash           Conj/Hex       0%         N/A       99%         3
 Frozen Ramparts          Ice            0%         1d1       99%         3
 Gell's Gravitas          Tloc           0%         N/A       99%         3
 Hailstorm                Conj/Ice       0%         3d3       99%         3
 Inner Flame              Hex/Fire       0%         N/A       99%         3
 Mephitic Cloud           Conj/Pois/Air  0%         N/A       99%         3
 Ozocubu's Armour         Ice            0%         N/A       99%         3
 Sigil of Binding         Hex            0%         N/A       99%         3
 Stone Arrow              Conj/Erth      0%         3d7       99%         3
 Summon Guardian Golem    Hex/Summ       0%         N/A       99%         3
 Swiftness                Air            0%         N/A       99%         3
 Teleport Other           Tloc           0%         N/A       99%         3
 Tukima's Dance           Hex            0%         N/A       99%         3
 Vampiric Draining        Necr           0%         2d6       99%         3
 Volatile Blastmotes      Fire/Tloc      0%         2d10      99%         3
 Airstrike                Air            0%         2d(0-16)  100%        4
 Anguish                  Hex/Necr       0%         N/A       100%        4
 Animate Armour           Summ/Erth      0%         N/A       100%        4
 Animate Dead             Necr           0%         N/A       100%        4
 Brom's Barrelling Bould  Conj/Erth      0%         2d3       100%        4
 Cause Fear               Hex            0%         N/A       100%        4
 Dimensional Bullseye     Hex/Tloc       0%         N/A       100%        4
 Dispel Undead            Necr           0%         3d6       100%        4
 Flame Wave               Conj/Fire      0%         2d4       100%        4
 Fulminant Prism          Conj/Hex       0%         3d5       100%        4
 Iskenderun's Mystic Bla  Conj/Tloc      0%         2d3       100%        4
 Leda's Liquefaction      Hex/Erth       0%         N/A       100%        4
 Manifold Assault         Tloc           0%         N/A       100%        4
 Olgreb's Toxic Radiance  Pois           0%         N/A       100%        4
 Passage of Golubria      Tloc           0%         N/A       100%        4
 Petrify                  Tmut/Erth      0%         N/A       100%        4
 Sticky Flame             Conj/Fire      0%         2d3       100%        4
 Summon Ice Beast         Ice/Summ       0%         N/A       100%        4
 Summon Lightning Spire   Summ/Air       0%         N/A       100%        4
 Vhi's Electric Charge    Tloc/Air       0%         N/A       100%        4
 Agony                    Necr           0%         N/A       100%        5
 Alistair's Intoxication  Tmut/Pois      0%         N/A       100%        5
 Arcjolt                  Conj/Air       0%         1d10      100%        5
 Borgnjor's Vile Clutch   Necr/Erth      0%         N/A       100%        5
 Fireball                 Conj/Fire      0%         3d3       100%        5
 Irradiate                Conj/Tmut      0%         3d11      100%        5
 Iskenderun's Battlesphe  Conj           0%         2d6       100%        5
 Lee's Rapid Deconstruct  Erth           0%         3d4*      100%        5
 Metabolic Englaciation   Hex/Ice        0%         N/A       100%        5
 Silence                  Hex/Air        0%         N/A       100%        5
 Summon Forest            Summ/Tloc      0%         N/A       100%        5
 Summon Mana Viper        Hex/Summ       0%         N/A       100%        5
 Yara's Violent Unravell  Hex/Tmut       0%         3d3       100%        5
 Bombard                  Conj/Erth      0%         9d1       100%        6
 Conjure Ball Lightning   Conj/Air       0%         3x3d6     100%        6
 Death Channel            Necr           0%         N/A       100%        6
 Dispersal                Tloc           0%         N/A       100%        6
 Eringya's Noxious Bog    Tmut/Pois      0%         4d6       100%        6
 Plasma Beam              Fire/Air       0%         2x1d10    100%        6
 Simulacrum               Ice/Necr       0%         N/A       100%        6
 Summon Cactus Giant      Summ           0%         N/A       100%        6
 Enfeeble                 Hex            0%         N/A       100%        7
 Haunt                    Necr/Summ      0%         N/A       100%        7
 Monstrous Menagerie      Summ           0%         N/A       100%        7
 Orb of Destruction       Conj           0%         9d5       100%        7
 Ozocubu's Refrigeration  Ice            0%         4d7       100%        7
 Spellforged Servitor     Conj/Summ      0%         N/A       100%        7
 Summon Hydra             Summ           0%         N/A       100%        7
 Disjunction              Tloc           0%         N/A       100%        8
 Ignition                 Fire           0%         3d3       100%        8
 Infestation              Necr           0%         N/A       100%        8
 Lehudib's Crystal Spear  Conj/Erth      0%         10d2      100%        8
 Maxwell's Capacitive Co  Air            0%         ∞         100%        8
 Summon Horrible Things   Summ           0%         N/A       100%        8
 Chain Lightning          Conj/Air       0%         N/A       100%        9
 Dragon's Call            Summ           0%         N/A       100%        9
 Fire Storm               Conj/Fire      0%         5d1       100%        9
 Polar Vortex             Ice            0%         N/A       100%        9
 Shatter                  Erth           0%         3d5*      100%        9


Dungeon Overview and Level Annotations

Branches:
Dungeon (15/15)            Temple (1/1) D:4            Lair (5/5) D:11
  Swamp (4/4) Lair:2        Snake (4/4) Lair:3        Slime (5/5) Lair:4
    Orc (2/2) D:12            Elf (3/3) Orc:2        Vaults (5/5) D:14
  Crypt (3/3) Vaults:3       Tomb (3/3) Crypt:3      Depths (4/4) D:15
   Hell (visited)             Dis (7/7) Hell            Geh (7/7) Hell
    Coc (7/7) Hell            Tar (7/7) Hell            Zot (5/5) Depths:4
 Bailey (visited)         Volcano (visited)          WizLab (visited)
Desolation (visited)

Altars:
Ashenzari
Cheibriados
Dithmenos
Elyvilon
Fedhas
Gozag
Hepliaklqana
Kikubaaqudgha
Makhleb
Nemelex Xobeh
Okawaru
Qazlal
Ru
Sif Muna
Trog
Uskayaw
Vehumet
Wu Jian
Xom
Yredelemnul
Zin
The Shining One
Jiyva

Shops:
D:9 *   Orc:1 =   Orc:2 =:((   Elf:1 [=?   Snake:2 ((   Vaults:2 [   Vaults:3 *

Portals:
Hell: Depths:1 Depths:2 Depths:3 Depths:4
Abyss: Snake:1 Depths:1 Depths:3
Pandemonium: Depths:1 Depths:2
Ziggurat: Depths:2


Innate Abilities, Weirdness & Mutations

You are an undying horror.
Your melee and unarmed attacks drain, slow and weaken victims.
You are immune to unholy pain and torment.
You cannot drink.
You are immune to poison.
You have a pair of horns on your head.
You reflexively headbutt those who attack you in melee.
You are very agile. (Dex +8, Str/Int -2)
You are robust. (+10% HP)


Message History

You kill the ynoxinul!
Qazlal accepts your kill.
No target in view!
No target in view!
A chaos spawn comes into view.
You block the chaos spawn's attack.
You slice the chaos spawn!!
The chaos spawn decays.
You headbutt the chaos spawn!
The chaos spawn is almost dead.
Your +9 spectral broad axe completely misses the chaos spawn.
Your +9 spectral broad axe disappears.
You slash the chaos spawn!
You kill the chaos spawn!
Qazlal accepts your kill.
The chaos spawn degenerates into a cloud of primal chaos!
An Orb Guardian comes into view.
You block the Orb Guardian's attack.
The Orb Guardian attacks as it pursues you!
You block the Orb Guardian's attack.
You slash the Orb Guardian!
The Orb Guardian decays.
You headbutt the Orb Guardian, but do no damage.
The Orb Guardian is lightly wounded.
Your +9 spectral broad axe hits the Orb Guardian!
You block the Orb Guardian's attack.
You slice the Orb Guardian!!
The Orb Guardian decays.
You headbutt the Orb Guardian.
The Orb Guardian is severely wounded.
Your +9 spectral broad axe hits the Orb Guardian!!
Your +9 spectral broad axe is engulfed in blazing flames.
You hit the Orb Guardian but do no damage.
You headbutt the Orb Guardian!
You kill the Orb Guardian!
Qazlal accepts your kill.
Your +9 spectral broad axe disappears.
No target in view!
There is an open door here.
There is a staircase leading out of the dungeon here.
Unknown command.
You can't go down here!
You have escaped!

........#....######.....#........
#####....##...........##...#.....
###....####.......####...##....
##.......# ###...### #....#.....
#..##....## ##.## ##....#.....
#.###.....# ###'### #.....#.§...
#.###.....###.....###.....#.....
##.........##....○§.##...........
.........####..)z.○.####......#.#
.......### ##.○...## ###....#..
.....### ##.○...## ###..###
...##########'#####'##########...
..............## ##............##
#..............# #.............#.
#..#...........###.....#.........
#....####.......#........#####.#.
#....#..........#......#.# #.#.


There were no monsters in sight!

Vanquished Creatures
  Asmodeus (Geh:7)
  the Royal Jelly (Slime:5)
  Antaeus (Coc:7)
  Dissolution (Slime:2)
  Ereshkigal (Tar:7)
  Gloorx Vloq (Pan)
  Lom Lobon (Pan)
  Mnoleg (Pan)
  the Serpent of Hell (Geh:7)
  8 dread liches
  Dispater (Dis:7)
  6 orbs of fire (Zot:5)
  11 ancient liches
  Mara (Vaults:5)
  5 juggernauts
  7 pandemonium lords (Pan)
  40 royal mummies
  Sojobo (Vaults:3)
  A Head Instructor (WizLab)
  the Lernaean hydra (Swamp:4)
  Saint Roka (Vaults:2)
  20 shard shrikes
  Vashnia (Snake:4)
  Xtahua (Crypt:2)
  3 Killer Klowns (Zot:5)
  47 caustic shrikes
  Geryon (Hell)
  4 curse toes
  9 golden dragons
  11 profane servitors
  Norris (Vaults:1)
  29 bone dragons
  A pearl dragon (Abyss:5)
  15 Tzitzimimeh
  7 electric golems
  17 Brimstone Fiends
  10 iron giants
  6 doom hounds
  A walking crystal tome (Depths:2)
  Zenata (Elf:2)
  3 spectral shard shrikes
  15 liches
  32 tentacled monstrosities
  11 hellephants
  8 tainted leviathans
  A shard shrike skeleton (Abyss:4)
  4 walking earthen tomes
  21 Ice Fiends
  28 Orb Guardians
  27 Hell Sentinels
  12 searing wretches
  Asterion (Snake:3)
  Murray (Hell)
  7 deep elf master archers
  3 deep elf blademasters
  3 walking divine tomes
  20 titans
  6 quicksilver dragons
  16 sphinxes
  23 acid blobs
  25 Executioners
  49 tentacled starspawn
  Frances (Swamp:1)
  16 death cobs
  A kraken (Abyss:4)
  34 ancient champions
  2 thorn hunters
  Gastronok (Lair:1)
  14 tengu reavers
  An eldritch tentacle (Tomb:2)
  Kirke (Elf:1)
  11 shadow dragons
  4 draconian monks
  2 fenstrider witches (Swamp:4)
  7 nagarajas
  6 draconian knights
  4 narguns
  18 storm dragons
  12 azure jellies
  17 rockslimes
  Roxanne (Elf:3)
  44 fire giants
  7 revenants
  Aizul (Vaults:2)
  The ghost of Uroge the Thaumaturge, a journeyman GrEE of Vehumet (Swamp:4)
  5 demonspawn warmongers (Pan)
  A ghost moth (Zot:4)
  4 deep elf sorcerers
  3 imperial myrmidons (Desolation)
  A spectral juggernaut (Tar:3)
  The ghost of gremlin the Warrior, a journeyman FoFi of Yredelemnul (Lair:5)
  46 balrugs
  2 angels
  10 quicksilver elementals
  3 spectral caustic shrikes
  24 frost giants
  9 iron dragons
  6 draconian scorchers
  A spectral tentacled monstrosity (Crypt:2)
  8 vault wardens
  3 orc warlords
  14 shard shrike simulacra
  The ghost of stone111 the Fencer, a journeyman HuGl of Okawaru (Snake:1)
  5 deep elf elementalists
  A ghoul (Swamp:4)
  11 draconian annihilators
  21 cacodemons
  A juggernaut zombie (Depths:2)
  35 very ugly things
  10 draconian stormcallers
  20 reapers
  4 draconian shifters
  5 spriggan defenders
  5 curse skulls
  48 war gargoyles
  7 demonspawn corrupters (Pan)
  12 quicksilver oozes
  2 ophanim (Abyss:4)
  6 ironbound thunderhulks
  2 caustic shrike skeletons
  9 demonspawn blood saints (Pan)
  2 juggernaut skeletons
  37 stone giants
  6 formless jellyfish
  21 ironbound preservers
  2 starflowers (Abyss:4)
  6 vampire knights
  19 green draconians
  17 elemental wellsprings
  14 black draconians
  17 putrid mouths
  19 bennus
  A deep elf annihilator (Vaults:5)
  4 deep elf demonologists
  14 yellow draconians
  5 demonspawn black suns (Pan)
  7 dire elephants
  5 bunyips
  An eleionoma (Swamp:4)
  13 lorocyprocas
  4 spark wasps
  13 purple draconians
  9 white draconians
  17 wendigos
  16 red draconians
  2 halazid warlocks (Desolation)
  11 blizzard demons
  A spectral quicksilver dragon (Tar:3)
  8 eidola
  20 mummy priests
  9 deep elf death magi
  17 green deaths
  12 fire dragons
  2 kraken zombies (Crypt:2)
  17 ettins
  9 crystal guardians
  An entropy weaver (Vaults:2)
  24 iron golems
  A spectral iron giant (Tar:4)
  6 deep elf high priests
  4 spectral spriggans
  A shambling mangrove (Swamp:2)
  3 ragged hierophants (Desolation)
  2 spectral golden dragons (Tar:3)
  8 jiangshi
  19 yaktaur captains
  5 spriggan zombies
  3 hell beasts
  18 great orbs of eyes
  12 rakshasas
  10 juggernaut simulacra
  12 caustic shrike simulacra
  2 ogre magi (WizLab)
  10 peacekeepers
  5 servants of whispers (Desolation)
  A ghost crab (Swamp:2)
  26 vault guards
  A catoblepas (Lair:5)
  18 hydras
  14 ice dragons
  A hydra (shapeshifter) (Vaults:5)
  6 spriggan air magi
  12 salamander tyrants
  10 alligators
  12 boulder beetles
  8 ironbound frosthearts
  5 stokers
  26 dancing weapons
  12 centaur warriors
  2 two-headed ogres
  22 death scarabs
  15 anacondas
  57 hell hogs
  A satyr (shapeshifter) (Depths:3)
  9 death yaks
  12 naga sharpshooters
  A sphinx skeleton (Crypt:1)
  8 deep troll earth magi
  4 death knights
  7 tengu warriors
  8 deep troll shamans
  4 occultists
  6 vampire magi
  Urug (D:10)
  4 spectral nagas
  5 spriggan berserkers
  An orc high priest (Orc:2)
  2 titan zombies
  5 shock serpents
  95 thrashing horrors
  23 naga warriors
  24 demonic crawlers
  34 soul eaters
  The ghost of uhhuh the Thaumaturge, a journeyman DECj of Vehumet (Lair:1)
  A shock serpent (shapeshifter) (Depths:4)
  2 spectral dire elephants
  22 deep elf knights
  15 hell knights
  73 sun demons
  Nergalle (Lair:1)
  6 skysharks
  8 iron trolls
  Amaemon (Lair:1)
  20 crystal echidnas
  A fire crab (shapeshifter) (Abyss:5)
  16 shadow wraiths
  5 salamander mystics
  42 wretched stars
  7 flayed ghosts
  2 spectral death yaks (Lair:5)
  A bunyip zombie (Tomb:3)
  A death drake (shapeshifter) (Abyss:4)
  An emperor scorpion zombie (Crypt:1)
  A sea snake (shapeshifter) (Abyss:4)
  52 skeletal warriors
  A golden dragon zombie (Crypt:2)
  40 sixfirhies
  A spectral anaconda (Lair:5)
  21 shadow demons
  7 spatial maelstroms
  A cherub (Pan)
  A ghost moth zombie (Crypt:2)
  4 goliath frogs
  3 death drakes
  12 swamp dragons
  9 arcanists
  A spectral bunyip (Tar:2)
  3 spriggan druids
  A swamp dragon (shapeshifter) (Abyss:2)
  61 deep trolls
  15 naga ritualists
  8 quicksilver dragon simulacra
  An iron giant skeleton (Abyss:4)
  2 orb spiders
  15 deep elf archers
  11 glowing orange brains
  4 bog bodies
  An obsidian statue (Lair:5)
  A spark wasp zombie (Depths:2)
  An anaconda zombie (Tomb:3)
  6 spriggan simulacra
  8 lindwurms
  2 anaconda skeletons
  A harpy (shapeshifter) (D:14)
  14 ironbound convokers
  28 deep elf pyromancers
  10 phantasmal warriors
  A shadow dragon zombie (Vaults:4)
  A golden dragon skeleton (Depths:2)
  4 orange crystal statues
  15 orc knights
  A bunyip skeleton (Crypt:3)
  25 deep elf zephyrmancers
  An oklob plant (Lair:3)
  19 mana vipers
  182 large abominations
  A harpy (Vaults:2)
  19 necromancers
  A manticore (shapeshifter) (Depths:4)
  2 stone giant zombies
  A shadow dragon skeleton (Crypt:2)
  10 cyclopes
  3 manticores
  12 worldbinders
  9 will-o-the-wisps
  An iron dragon zombie (Abyss:4)
  43 ugly things
  3 wolf spider zombies (Crypt:2)
  6 orc sorcerers
  A spectral ettin (Tar:6)
  22 salamanders
  12 shining eyes
  37 moths of wrath
  41 black mambas
  11 elephants
  A rust devil (Abyss:4)
  A stone giant skeleton (Vaults:1)
  An elephant (shapeshifter) (Vaults:4)
  An elf zombie (Vaults:4)
  2 iron dragon skeletons
  2 dire elephant zombies
  A centaur zombie (Tomb:2)
  2 eyes of devastation (Slime:5)
  14 guardian serpents
  A guardian serpent (shapeshifter) (Abyss:4)
  6 fire giant skeletons (Crypt:3)
  A black mamba (shapeshifter) (Abyss:4)
  A water nymph (shapeshifter) (Abyss:4)
  A toenail golem (D:13)
  19 vault sentinels
  An eye of devastation (shapeshifter) (Abyss:4)
  21 naga magi
  A moth of wrath (shapeshifter) (Depths:1)
  81 smoke demons
  10 molten gargoyles
  12 cane toads
  7 apocalypse crabs
  8 titan simulacra
  10 gargoyles
  The ghost of gremlin the Trooper, a novice DsGl of Okawaru (D:4)
  A human skeleton (Vaults:1)
  30 orange demons
  2 dire elephant skeletons
  3 rime drakes
  9 unseen horrors
  12 komodo dragons
  15 efreet
  43 hellions
  Jeremiah (D:6)
  17 tormentors
  2 alligator snapping turtle skeletons
  31 yaktaurs
  3 anaconda simulacra
  52 guardian mummies
  An iron troll skeleton (Crypt:2)
  2 bunyip simulacra (Coc:1)
  3 ice devils
  6 tengu conjurers
  2 polar bears
  34 ancient zymes
  3 harpy zombies
  8 freezing wraiths
  2 spectral demonic crawlers (Crypt:2)
  22 hellwings
  3 red devils
  3 iron giant simulacra
  2 spectral harpies
  Grinder (D:5)
  8 meliai
  A queen bee (Abyss:4)
  8 hornets
  13 tyrant leeches
  2 silent spectres (Abyss:4)
  A shadow dragon simulacrum (Vaults:4)
  11 trolls
  A troll (shapeshifter) (Vaults:5)
  A wind drake (shapeshifter) (Abyss:4)
  110 raiju
  7 glass eyes
  2 tarantellas (shapeshifter)
  A tengu simulacrum (Coc:2)
  An iron dragon simulacrum (Coc:4)
  37 saltlings
  7 harpy skeletons
  2 ettin zombies
  A hydra skeleton (Abyss:4)
  A spectral swamp dragon (Tar:2)
  110 slime creatures
  A slime creature (shapeshifter) (Vaults:5)
  5 stone giant simulacra
  16 blink frogs
  A culicivora (Vaults:2)
  10 fire dragon skeletons (Crypt:3)
  14 dream sheep
  2 culicivora zombies (Crypt:2)
  A jumping spider (shapeshifter) (Abyss:4)
  61 flying skulls
  An ettin skeleton (Crypt:3)
  8 shadows
  4 air elementals
  15 ushabtiu
  5 water elementals
  Sigmund (D:5)
  6 dire elephant simulacra
  3 vampires (Abyss:4)
  49 ynoxinuls
  9 spriggans
  4 wyverns
  An ice dragon skeleton (Crypt:2)
  2 fire elementals (Elf:2)
  241 starcursed masses
  10 wraiths
  3 hogs (Elf:1)
  7 fire bats
  2 alligator snapping turtle simulacra
  30 yaks
  2 redbacks (Vaults:2)
  2 black mamba skeletons (Crypt:1)
  9 golden eyes
  11 basilisks
  49 neqoxecs
  3 steam dragons
  46 chaos spawn
  A swamp worm (shapeshifter) (D:13)
  10 vampire mosquitoes
  18 swamp worms
  5 wargs
  67 small abominations
  A faun zombie (Crypt:1)
  18 harpy simulacra
  A demonspawn zombie (Tomb:2)
  8 spatial vortices
  49 nagas
  3 naga zombies
  12 water moccasins
  2 hydra simulacra
  An acid dragon (D:14)
  A water moccasin (shapeshifter) (D:14)
  20 hell hounds
  4 naga skeletons
  Duvessa (D:4)
  9 swamp drakes
  A sky beast (shapeshifter) (Abyss:4)
  3 sky beasts
  3 ettin simulacra
  2 elephant zombies (Lair:5)
  A glowing shapeshifter skeleton (Crypt:2)
  24 orc warriors
  4 black bears
  3 ice beasts
  8 ogres
  A boggart (shapeshifter) (D:14)
  3 swamp dragon skeletons
  5 wolves (Lair:2)
  10 boggarts
  12 centaurs
  An elephant skeleton (Lair:5)
  A snapping turtle skeleton (Crypt:2)
  2 phantoms (D:6)
  A vine stalker zombie (Crypt:1)
  A kobold brigand (D:9)
  13 bullfrogs
  2 cane toad simulacra (Lair:5)
  4 scorpions
  4 naga simulacra
  A scorpion (shapeshifter) (Vaults:4)
  7 earth elementals
  9 wights
  Dowan (D:4)
  8 killer bees (D:10)
  7 spriggan skeletons
  An elephant simulacrum (Lair:5)
  2 troll skeletons
  2 electric eels
  6 howler monkeys
  A crimson imp (Abyss:4)
  5 quasits
  A human zombie (Crypt:2)
  4 lava snakes (Lair:3)
  4 hounds
  7 jellies
  9 orc priests
  A gnoll bouda (Lair:2)
  An iguana (D:6)
  6 iron imps
  2 sleepcaps
  19 orc wizards
  A lightning spire (Zot:2)
  A tengu skeleton (Crypt:2)
  56 mummies
  5 adders
  7 gnolls
  10 white imps
  13 ufetubi
  2 worms
  A dart slug (D:1)
  74 orcs
  7 ball pythons
  5 endoplasms
  3 giant cockroaches
  9 hobgoblins
  4 quokkas
  2 bats
  3 frilled lizards
  11 goblins
  23 kobolds
  A kobold zombie (Crypt:1)
  A quokka zombie (Crypt:1)
  A rat (D:2)
  A rat zombie (Crypt:1)
  3 creeping infernos
  21 fire vortices
  3 lurking horrors (Abyss:4)
  11 spectral weapons
  45 starspawn tentacles
  10 tentacles
5483 creatures vanquished.

Vanquished Creatures (collateral kills)
  A royal mummy (Tomb:2)
  2 shard shrikes (Coc:5)
  2 doom hounds (Tar:3)
  2 Ice Fiends (Coc:5)
  An ancient champion (Tomb:3)
  A putrid mouth (Tar:3)
  5 bennus (Tomb:3)
  An elemental wellspring (Coc:4)
  3 wendigos (Coc:4)
  A spectral quicksilver dragon (Tar:3)
  4 caustic shrike simulacra
  A shadow wraith (Tar:7)
  A guardian mummy (Tomb:3)
  2 tormentors (Tar:3)
  An iron giant simulacrum (Coc:4)
  A flying skull (Tomb:3)
  A dire elephant simulacrum (Coc:5)
  An ushabti (Tomb:3)
  A harpy simulacrum (Coc:4)
  A mummy (Tomb:3)
33 creatures vanquished.

Vanquished Creatures (others)
  Cerebov (Pan)
  A pandemonium lord (Pan)
  A shard shrike (Coc:7)
  A Tzitzimitl (Pan)
  An elemental wellspring (Coc:4)
  A wendigo (Coc:4)
  A green death (Pan)
  A great orb of eyes (Abyss:4)
  2 caustic shrike simulacra
  An ice dragon (Coc:7)
  A stoker (Geh:3)
  2 juggernaut simulacra (Coc:3)
  A death scarab (Tomb:2)
  A naga warrior (Snake:4)
  A skeletal warrior (Tomb:2)
  2 quicksilver dragon simulacra
  4 large abominations
  2 deep elf zephyrmancers
  A titan simulacrum (Coc:7)
  2 tormentors
  An ancient zyme (Abyss:5)
  A bloated husk (Swamp:1)
  A hellwing (Pan)
  4 raiju (Abyss:4)
  A stone giant simulacrum (Coc:3)
  A chaos spawn (Pan)
  A neqoxec (Abyss:4)
  5 harpy simulacra
  A hydra simulacrum (Coc:3)
  An ettin simulacrum (Coc:5)
  A centaur (D:15)
  2 small abominations (Abyss:4)
  A starcursed mass (Abyss:5)
  3 ball lightnings (Pan)
  2 creeping infernos (Geh:6)
  38 foxfires
  5 lurking horrors
  126 spectral weapons
  72 starspawn tentacles
  16 tentacles
311 creatures vanquished.

Grand Total: 5827 creatures vanquished

Notes
Turn   | Place    | Note
-------+----------+-------------------------------------------
     0 | D:1      | luciddream001 the Minotaur Fighter began the quest for the
                  | Orb.
     0 | D:1      | Reached XP level 1. HP: 19/19 MP: 0/0
   217 | D:1      | Reached XP level 2. HP: 27/27 MP: 1/1
   762 | D:2      | Identified the "Hoaboq"
   932 | D:2      | Reached XP level 3. HP: 33/33 MP: 2/2
  1652 | D:3      | Reached XP level 4. HP: 36/41 MP: 3/3
  1767 | D:3      | Identified the +2 pair of gloves "Deimur" {Contam rPois
                  | Str+7 Slay+3}
  1899 | D:3      | Found a stormy altar of Qazlal.
  1899 | D:3      | Noticed a sky beast
  1907 | D:3      | Killed a sky beast
  1908 | D:3      | Reached XP level 5. HP: 39/47 MP: 4/4
  2043 | D:3      | Reached skill level 5 in Armour
  2044 | D:3      | Reached skill level 5 in Fighting
  2188 | D:3      | Reached skill level 5 in Shields
  2191 | D:3      | Reached XP level 6. HP: 39/56 MP: 5/5
  2476 | D:4      | Noticed Duvessa
  2476 | D:4      | Noticed Dowan
  2479 | D:4      | Killed Dowan
  2488 | D:4      | Killed Duvessa
  2489 | D:4      | Reached skill level 1 in Dodging
  2861 | D:4      | Reached skill level 5 in Axes
  3030 | D:4      | Reached XP level 7. HP: 62/62 MP: 6/6
  3229 | D:4      | Found a staircase to the Ecumenical Temple.
  3236 | Temple   | Entered the Ecumenical Temple
  3242 | Temple   | Became a worshipper of Warmaster Okawaru
  3374 | D:4      | Found a runed translucent door.
  3412 | D:4      | Noticed gremlin's ghost (novice DsGl)
  3437 | D:5      | Entered Level 5 of the Dungeon
  3602 | D:5      | Noticed Sigmund
  3617 | D:5      | Killed Sigmund
  3617 | D:5      | Reached * piety under Okawaru
  3717 | D:5      | Reached XP level 8. HP: 71/71 MP: 7/7
  3999 | D:5      | Noticed Grinder
  4004 | D:5      | Paralysed by Grinder for 4 turns
  4011 | D:5      | Paralysed by Grinder for 5 turns
  4019 | D:5      | Paralysed by Grinder for 3 turns
  4022 | D:5      | Killed Grinder
  4022 | D:5      | Reached ** piety under Okawaru
  4023 | D:5      | Reached skill level 1 in Invocations
  4199 | D:6      | Noticed Jeremiah
  4326 | D:6      | Killed Jeremiah
  4498 | D:6      | Reached XP level 9. HP: 73/81 MP: 10/10
  4945 | D:6      | Found a white marble altar of Elyvilon.
  4953 | D:6      | Found a sacrificial altar of Ru.
  5276 | D:7      | Found an ornate altar of the Wu Jian Council.
  5371 | D:7      | Found a sparkling altar of Nemelex Xobeh.
  5451 | D:7      | Reached *** piety under Okawaru
  6039 | D:4      | Killed gremlin's ghost
  6500 | D:8      | Found a glowing silver altar of Zin.
  6530 | D:8      | Reached **** piety under Okawaru
  6531 | D:8      | Reached skill level 10 in Armour
  6543 | D:8      | Reached skill level 10 in Fighting
  6543 | D:8      | Reached XP level 10. HP: 71/93 MP: 11/11
  6917 | D:9      | Found Nuow Bik's Assorted Antiques.
  6930 | D:9      | Bought a jewelled chain mail for 313 gold pieces
  6930 | D:9      | Identified the +3 chain mail "Rihum" {Drain rCorr Dex+8}
                  | (You bought it in a shop on level 9 of the Dungeon)
  7030 | D:9      | Noticed a cyclops
  7045 | D:9      | Killed a cyclops
  7046 | D:9      | Reached skill level 10 in Axes
  7057 | D:9      | Reached ***** piety under Okawaru
  7519 | D:9      | Identified the +2 pair of boots "Ephetuaz" {rF+ Int+3 SInv}
  7573 | D:9      | Reached skill level 5 in Dodging
  7800 | D:10     | Entered Level 10 of the Dungeon
  7827 | D:10     | Found a flagged portal.
  7841 | D:10     | Received a gift from Okawaru
  7850 | Bailey   | Entered a bailey
  7856 | Bailey   | Noticed an orc warlord
  7884 | Bailey   | Noticed an orc knight
  7904 | Bailey   | Killed an orc knight
  7967 | Bailey   | Found a runed translucent gate.
  7974 | Bailey   | Found a runed translucent gate.
  7989 | Bailey   | Found a runed translucent gate.
  8119 | Bailey   | Killed an orc warlord
  8120 | Bailey   | Reached XP level 11. HP: 103/103 MP: 9/12
  8155 | Bailey   | Reached XP level 12. HP: 115/115 MP: 13/13
  8297 | D:10     | Noticed Urug
  8304 | D:10     | Noticed a centaur warrior
  8307 | D:10     | Killed Urug
  8307 | D:10     | Received a gift from Okawaru
  8312 | D:10     | Killed a centaur warrior
  8617 | D:10     | Identified the +4 ring mail of Muttered Phrases {Rampage
                  | *Corrode rElec rN+}
  8631 | D:10     | Found a shadowy altar of Dithmenos.
  8730 | D:11     | Noticed a two-headed ogre
  8733 | D:11     | Killed a two-headed ogre
  8914 | D:11     | Found a staircase to the Lair.
  9351 | D:12     | Found a staircase to the Orcish Mines.
  9354 | D:12     | Received a gift from Okawaru
  9514 | D:12     | Identified 2 scrolls of acquirement
  9514 | D:12     | Acquired a manual of Fighting
  9516 | D:12     | Acquired the ring of Jyallawnedep {rF+ EV+5}
  9913 | D:12     | Found a shimmering blue altar of Sif Muna.
 10018 | D:13     | Received a gift from Okawaru
 10019 | D:13     | Reached skill level 15 in Fighting
 10287 | D:13     | Reached XP level 13. HP: 127/127 MP: 14/14
 11116 | Lair:1   | Identified the "Jaxkus"
 11116 | Lair:1   | Entered Level 1 of the Lair of Beasts
 11167 | Lair:1   | Noticed Gastronok
 11176 | Lair:1   | Killed Gastronok
 11177 | Lair:1   | Reached skill level 15 in Armour
 11301 | Lair:1   | Found a runed translucent door.
 11332 | Lair:1   | Noticed Amaemon
 11341 | Lair:1   | Killed Amaemon
 11467 | Lair:1   | Noticed uhhuh's ghost (journeyman DECj)
 11474 | Lair:1   | Killed uhhuh's ghost
 11527 | Lair:1   | Received a gift from Okawaru
 11619 | Lair:1   | Noticed Nergalle
 11624 | Lair:1   | Killed Nergalle
 11652 | Lair:1   | Reached skill level 15 in Axes
 12341 | Lair:2   | Found a staircase to the Swamp.
 12544 | Lair:2   | Reached ****** piety under Okawaru
 12546 | Lair:2   | Acquired the +8 orange crystal plate armour {Archmagi,
                  | Int+3 Clar}
 12546 | Lair:2   | Received a gift from Okawaru
 12546 | Lair:2   | Found the +8 orange crystal plate armour {Archmagi, Int+3
                  | Clar}
 12597 | Lair:2   | Acquired the +5 broad axe "Quff" {freeze, rF+ rCorr}
 12597 | Lair:2   | Received a gift from Okawaru
 12999 | Lair:3   | Found a staircase to the Snake Pit.
 13008 | Lair:3   | Received a gift from Okawaru
 13548 | Lair:3   | Received a gift from Okawaru
 13629 | Lair:3   | Noticed a fire dragon
 13639 | Lair:3   | Killed a fire dragon
 13640 | Lair:3   | Reached XP level 14. HP: 137/144 MP: 15/15
 14109 | Lair:4   | Found a viscous altar of Jiyva.
 14109 | Lair:4   | Found a staircase to the Slime Pits.
 14767 | Lair:5   | Entered Level 5 of the Lair of Beasts
 14789 | Lair:5   | Found a transporter.
 14796 | Lair:5   | Found a bloodstained altar of Trog.
 14805 | Lair:5   | Found a transporter.
 14828 | Lair:5   | Received a gift from Okawaru
 14838 | Lair:5   | Found a glowing golden altar of the Shining One.
 14951 | Lair:5   | Received a gift from Okawaru
 15133 | Lair:5   | Noticed gremlin's ghost (journeyman FoFi)
 15736 | Lair:5   | Received a gift from Okawaru
 15838 | Lair:5   | Identified the +7 scimitar of Callousness {drain, rPois rC+
                  | Will-}
 15933 | Lair:5   | Identified the amulet of Understanding {Faith rElec rF-
                  | Int+4}
 15972 | Lair:5   | Reached XP level 15. HP: 82/158 MP: 16/16
 16260 | Lair:5   | Killed gremlin's ghost
 16268 | Lair:5   | Identified the +6 ring mail of Dilu {MP+9 Str+2}
 16427 | Orc:1    | Entered Level 1 of the Orcish Mines
 16440 | Orc:1    | Found Hibluxemp's Jewellery Shoppe.
 16872 | Orc:2    | Entered Level 2 of the Orcish Mines
 16886 | Abyss:1  | Cast into level 1 of the Abyss (orc warrior)
 16887 | Abyss:1  | Found a corrupted altar of Lugonu.
 16978 | Abyss:1  | Noticed a tentacled starspawn
 16985 | Abyss:1  | Received a gift from Okawaru
 16987 | Abyss:1  | Killed a tentacled starspawn
 17066 | Abyss:1  | Noticed a tentacled starspawn
 17076 | Abyss:1  | Killed a tentacled starspawn
 17234 | Abyss:1  | Noticed a bone dragon
 17313 | Abyss:1  | Killed a bone dragon
 17314 | Abyss:1  | Received a gift from Okawaru
 17315 | Abyss:1  | Noticed a tentacled starspawn
 17317 | Orc:2    | Escaped the Abyss
 17321 | Orc:2    | Killed a tentacled starspawn
 17404 | Orc:2    | Found a dark tunnel.
 17411 | Volcano  | Entered a volcano
 17822 | Orc:2    | Found a staircase to the Elven Halls.
 18096 | Orc:2    | Found Emucig's Antique Weapon Emporium.
 18117 | Orc:2    | Received a gift from Okawaru
 18121 | Orc:2    | Found Rixi's Book Boutique.
 18131 | Orc:2    | Found Ceopreof's Antique Weapon Boutique.
 18161 | Orc:2    | Found Vastreokh's Jewellery Shop.
 18377 | Snake:1  | Entered Level 1 of the Snake Pit
 18461 | Snake:1  | Noticed a hellephant
 18467 | Snake:1  | Received a gift from Okawaru
 18609 | Snake:1  | Reached XP level 16. HP: 169/169 MP: 18/18
 18793 | Snake:1  | Found a transporter.
 18793 | Snake:1  | Identified the ring of Elyuffit {Str+5 Dex+6}
 18813 | Snake:1  | Reached skill level 10 in Shields
 18835 | Snake:1  | Noticed stone111's ghost (journeyman HuGl)
 18896 | Snake:1  | Upgraded the game from 0.31-a0-1027-gfb7600b to
                  | 0.31-a0-1029-ge8c24b2
 18896 | Snake:1  | Found a one-way gate to the infinite horrors of the Abyss.
 18929 | Snake:1  | Found a transporter.
 19018 | Snake:1  | Reached skill level 5 in Invocations
 19096 | Snake:2  | Reached skill level 10 in Dodging
 19110 | Snake:2  | Received a gift from Okawaru
 19233 | Snake:2  | Found Mappebros's Weapon Shop.
 19364 | Snake:2  | Received a gift from Okawaru
 19712 | Snake:2  | Found Qucyll's Weapon Shop.
 20260 | Snake:3  | Received a gift from Okawaru
 20332 | Snake:3  | Noticed Asterion
 20341 | Snake:3  | Killed Asterion
 20515 | Snake:3  | Received a gift from Okawaru
 20888 | Snake:4  | Entered Level 4 of the Snake Pit
 21061 | Snake:4  | Reached XP level 17. HP: 132/176 MP: 21/21
 21127 | Snake:4  | Received a gift from Okawaru
 21488 | Snake:4  | Received a gift from Okawaru
 21538 | Snake:4  | Noticed Vashnia
 21551 | Snake:4  | Killed Vashnia
 21590 | Snake:4  | Got a serpentine rune of Zot
 21829 | Snake:4  | Reached skill level 10 in Invocations
 21831 | Snake:4  | Received a gift from Okawaru
 22460 | Swamp:1  | Entered Level 1 of the Swamp
 22920 | Swamp:1  | Noticed Frances
 22926 | Swamp:1  | Killed Frances
 23139 | Swamp:2  | Received a gift from Okawaru
 23161 | Swamp:2  | Reached skill level 15 in Shields
 23453 | Swamp:2  | Identified the +4 halberd of the First Wars {holy, *Corrode
                  | rElec Int+3 Dex+3}
 23500 | Swamp:2  | Reached XP level 18. HP: 184/184 MP: 24/24
 23835 | Swamp:3  | Noticed a tentacled monstrosity
 23853 | Swamp:3  | Killed a tentacled monstrosity
 24154 | Swamp:4  | Entered Level 4 of the Swamp
 24154 | Swamp:4  | Noticed a tentacled monstrosity
 24166 | Swamp:4  | Killed a tentacled monstrosity
 24263 | Swamp:4  | Found a transporter.
 24270 | Swamp:4  | Noticed Uroge's ghost (journeyman GrEE)
 24285 | Swamp:4  | Found a transporter.
 24304 | Swamp:4  | Received a gift from Okawaru
 24426 | Swamp:4  | Killed Uroge's ghost
 24520 | Swamp:4  | Received a gift from Okawaru
 24581 | Swamp:4  | Got a decaying rune of Zot
 24611 | Swamp:4  | Noticed the 27-headed Lernaean hydra
 24614 | Swamp:4  | Reached skill level 1 in Throwing
 24627 | Swamp:4  | Killed the 26-headed Lernaean hydra
 25160 | Snake:1  | Killed a hellephant
 25160 | Snake:1  | Killed stone111's ghost
 25160 | Snake:1  | Received a gift from Okawaru
 25660 | D:14     | Found the amulet of Vitality {RegenMP++ Regen++}
 26144 | D:14     | Found a gate to the Vaults.
 26464 | D:15     | Entered Level 15 of the Dungeon
 26504 | D:15     | Found a staircase to the Depths.
 26764 | D:15     | Found a white marble altar of Elyvilon.
 26838 | D:15     | Reached skill level 5 in Throwing
 26862 | D:15     | Reached XP level 19. HP: 193/193 MP: 26/26
 26883 | D:15     | Found a faded altar of an unknown god.
 26883 | D:15     | Found a hazy altar of Hepliaklqana.
 26886 | D:15     | Found a faded altar of an unknown god.
 27220 | Desolati | Identified the "Ruidotos"
 27220 | Desolati | Identified the of Beular
 27220 | Desolati | Identified the "Ciemn"
 27220 | Desolati | Identified the "Vuladeh"
 27220 | Desolati | Identified the "Nurhuwaa"
 27220 | WizLab   | Identified the of Cuifewicw
 27220 | WizLab   | Identified the of Sakeh
 27220 | Vaults:5 | Identified the "Sykhlehia"
 27220 | Depths:1 | Entered Level 1 of the Depths
 27275 | Depths:1 | Received a gift from Okawaru
 27351 | Depths:1 | Found a radiant altar of Vehumet.
 27431 | Depths:1 | You fall into a shaft and drop 1 floor!
 27605 | Depths:2 | Found a one-way gateway to a ziggurat.
 27609 | Depths:2 | Found a one-way gate leading to the halls of Pandemonium.
 27667 | Depths:2 | Received a gift from Okawaru
 27923 | Depths:2 | Found a gateway to Hell.
 27968 | Depths:2 | Found a runed translucent door.
 27970 | Depths:2 | Noticed a juggernaut
 27970 | Depths:2 | Identified the ring "Egrumifo" {rElec rC- rN+ Str+3}
 27986 | Depths:2 | Killed a juggernaut
 28208 | Depths:3 | Received a gift from Okawaru
 28450 | Depths:3 | Received a gift from Okawaru
 28792 | Depths:3 | Noticed a golden dragon
 28803 | Depths:3 | Killed a golden dragon
 28813 | Depths:3 | Received a gift from Okawaru
 28854 | Depths:3 | Identified the +2 broad axe of Judgement {freeze, Str+2}
 29106 | Depths:3 | Reached XP level 20. HP: 210/210 MP: 28/28
 29317 | Depths:4 | Entered Level 4 of the Depths
 29482 | Depths:4 | Found a shimmering blue altar of Sif Muna.
 29482 | Depths:4 | Found a hide-covered altar of Uskayaw.
 29484 | Depths:4 | Found a bloodstained altar of Trog.
 29498 | Depths:4 | Noticed a caustic shrike
 29499 | Depths:4 | Noticed a caustic shrike
 29499 | Depths:4 | Noticed a caustic shrike
 29502 | Depths:4 | Noticed a caustic shrike
 29506 | Depths:4 | Noticed a caustic shrike
 29510 | Depths:4 | Killed a caustic shrike
 29513 | Depths:4 | Killed a caustic shrike
 29514 | Depths:4 | Killed a caustic shrike
 29517 | Depths:4 | Killed a caustic shrike
 29517 | Depths:4 | Received a gift from Okawaru
 29524 | Depths:4 | Killed a caustic shrike
 29638 | Depths:4 | Found a gate to the Realm of Zot.
 29768 | Depths:4 | Noticed a golden dragon
 29773 | Depths:4 | Killed a golden dragon
 29901 | Depths:4 | Received a gift from Okawaru
 29961 | Depths:4 | Noticed a juggernaut
 29972 | Depths:4 | Killed a juggernaut
 29983 | Depths:4 | Noticed a caustic shrike
 29984 | Depths:4 | Noticed a golden dragon
 29987 | Depths:4 | Killed a golden dragon
 29996 | Depths:4 | Killed a caustic shrike
 30048 | Depths:4 | Received a gift from Okawaru
 30106 | Depths:4 | Paralysed by a vampire knight for 4 turns
 30111 | Arena    | Entered the Arena
 30126 | Depths:4 | Noticed a caustic shrike
 30135 | Depths:4 | Killed a caustic shrike
 30163 | Depths:4 | Identified the +1 acid dragon scales of the Constellations
                  | {rC+ rCorr}
 30171 | Depths:4 | Found the +8 arc blade {discharge, rElec}
 30173 | Depths:4 | Upgraded the game from 0.31-a0-1029-ge8c24b2 to
                  | 0.31-a0-1035-gd25c09d
 30181 | Depths:4 | Identified the +8 mace "Nueph" {holy, Dex+5 SInv}
 30295 | Depths:4 | Acquired a +2 broad axe of venom
 30358 | Depths:4 | Received a gift from Okawaru
 30409 | Depths:4 | Reached XP level 21. HP: 195/217 MP: 29/29
 30449 | Depths:4 | Noticed a golden dragon
 30460 | Depths:4 | Killed a golden dragon
 30701 | Elf:1    | Entered Level 1 of the Elven Halls
 30756 | Elf:1    | Found Haqeven's Antique Armour Emporium.
 30797 | Elf:1    | Found Zellurig's Jewellery Emporium.
 30800 | Elf:1    | Paralysed by an air elemental for 1 turns
 30864 | Elf:1    | Bought the ring of the Unkillable {rF+ rCorr Str+6 Dex+4}
                  | for 1152 gold pieces
 31005 | Elf:1    | Noticed Kirke
 31017 | Elf:1    | Killed Kirke
 31073 | Elf:1    | Found Peh Oxtaof's Magic Scroll Emporium.
 31077 | Elf:1    | Bought a scroll of enchant armour for 112 gold pieces
 31077 | Elf:1    | Bought a scroll of fog for 60 gold pieces
 31182 | Elf:1    | Received a gift from Okawaru
 31534 | Elf:2    | Found a runed translucent door.
 31535 | Elf:2    | Found a basalt altar of Yredelemnul.
 31579 | Elf:2    | Found a runed translucent gate.
 31580 | Elf:2    | Found a runed translucent gate.
 31580 | Elf:2    | Found a runed translucent gate.
 31929 | Elf:2    | Noticed Zenata
 31953 | Elf:2    | Killed Zenata
 32078 | Elf:2    | Received a gift from Okawaru
 32224 | Elf:3    | Entered Level 3 of the Elven Halls
 32368 | Elf:3    | Paralysed by an air elemental for 1 turns
 32567 | Elf:3    | Noticed Roxanne
 32576 | Elf:3    | Killed Roxanne
 32793 | Elf:3    | Reached skill level 10 in Throwing
 32832 | Elf:3    | Identified the amulet "Juiruher" {Spirit Contam rPois Will+
                  | Dex+2}
 32983 | Elf:3    | Identified the +1 robe of the Lost Path {rN+ MP+9}
 33047 | Elf:3    | Identified the +5 plate armour "Ytiss" {Harm Str+2 Dex-3}
 33076 | Elf:3    | Identified the +7 broad axe of Defilement {spect, Str+2}
 33209 | Elf:3    | Found the +2 hood of the Assassin {Detect Stab+ Stlth++}
 33247 | Elf:3    | Identified the +2 orcbow "Kucsot" {freeze, rPois rF+ Str-5
                  | Int+4}
 33587 | Vaults:1 | Entered Level 1 of the Vaults
 33648 | Vaults:1 | Identified the +6 flail "Mach" {flame, rElec rPois}
 33740 | Vaults:1 | Received a gift from Okawaru
 33964 | Vaults:1 | Noticed Norris
 33990 | Vaults:1 | Killed Norris
 34012 | Vaults:1 | Identified the +0 buckler of Disaster {rN++ Int-4}
 34049 | Vaults:1 | Reached XP level 22. HP: 219/226 MP: 30/30
 34469 | Vaults:1 | Received a gift from Okawaru
 34824 | Vaults:2 | Found Lugoblik's Antique Armour Shop.
 34828 | Vaults:2 | Bought an embroidered scarf for 336 gold pieces
 34902 | Vaults:2 | Found a crumbling gateway.
 34910 | Desolati | Entered the Desolation of Salt
 35010 | Desolati | Identified the amulet "Pyqaluof" {Faith rCorr}
 35042 | Desolati | Identified the ring of the Platytaur {rC+ Will+ rCorr}
 35183 | Desolati | Received a gift from Okawaru
 35194 | Desolati | Identified the +5 long sword of Gattuy {flame, *Slow rF+
                  | rCorr}
 35450 | Desolati | Identified the +0 robe of Bitterness {+Inv rElec}
 35819 | Vaults:2 | Noticed Saint Roka
 35829 | Vaults:2 | Killed Saint Roka
 36054 | Vaults:2 | Identified the serpent talisman of Indomitability {rF+
                  | Str+2 Int+3}
 36054 | Vaults:2 | Noticed Aizul
 36060 | Vaults:2 | Killed Aizul
 36086 | Vaults:2 | Received a gift from Okawaru
 36196 | Vaults:2 | Paralysed by a formless jellyfish for 1 turns
 36541 | Vaults:3 | Found Papt's General Store.
 36560 | Vaults:3 | Bought a potion of heal wounds for 90 gold pieces
 36560 | Vaults:3 | Bought a scroll of blinking for 135 gold pieces
 36634 | Vaults:3 | Found a magical portal.
 36643 | WizLab   | Entered Yara's Duelist Academy
 36687 | WizLab   | Received a gift from Okawaru
 36758 | WizLab   | Noticed Rucy
 36765 | WizLab   | Killed Rucy the Head Instructor
 37244 | Vaults:3 | Reached XP level 23. HP: 213/234 MP: 31/31
 37708 | Vaults:3 | Noticed Sojobo
 37711 | Vaults:3 | Received a gift from Okawaru
 37722 | Vaults:3 | Killed Sojobo
 37736 | Vaults:3 | Found a staircase to the Crypt.
 37786 | Vaults:3 | Reached skill level 15 in Dodging
 38328 | Vaults:4 | Received a gift from Okawaru
 38535 | Vaults:4 | Noticed a dread lich
 38542 | Vaults:4 | Killed a dread lich
 38551 | Vaults:4 | Found the +5 glaive of the Guard {elec, spectral}
 38732 | Vaults:4 | Received a gift from Okawaru
 39070 | Vaults:4 | Found a portal to a secret trove of treasure.
 39385 | Vaults:5 | Entered Level 5 of the Vaults
 39431 | Vaults:5 | Noticed a dread lich
 39449 | Vaults:5 | Noticed an ancient lich
 39456 | Vaults:4 | Killed a dread lich
 39456 | Vaults:4 | Received a gift from Okawaru
 39476 | Vaults:4 | Killed an ancient lich
 39766 | Vaults:5 | Noticed Mara
 39771 | Vaults:4 | Reached XP level 24. HP: 210/229 MP: 31/31
 39777 | Vaults:5 | Noticed luciddream001's illusion
 39779 | Vaults:4 | Received a gift from Okawaru
 40299 | Lair:5   | Fell from the grace of Okawaru
 40299 | Lair:5   | Became a worshipper of the Shining One
 40655 | Crypt:1  | Entered Level 1 of the Crypt
 40722 | Crypt:1  | Reached * piety under the Shining One
 40806 | Crypt:1  | Reached ** piety under the Shining One
 41263 | Crypt:1  | Reached *** piety under the Shining One
 41319 | Crypt:2  | Noticed Xtahua
 41327 | Crypt:2  | Killed Xtahua
 41442 | Crypt:2  | Reached **** piety under the Shining One
 41692 | Crypt:2  | Acquired the ring "Fywnoawe" {rC+ rCorr Str-2 Int+3 SInv}
 41782 | Crypt:2  | Reached ***** piety under the Shining One
 42007 | Crypt:3  | Entered Level 3 of the Crypt
 42054 | Crypt:2  | Reached skill level 27 in Shields
 42074 | Crypt:2  | Identified the +8 quick blade of Cotos {vamp, Int+3}
 42097 | Crypt:2  | Identified the +1 dagger "Rynumogo" {flame, +Blink rElec
                  | rCorr}
 42103 | Crypt:2  | Identified the +0 dagger "Natoprou" {pain, Drain rC+ rCorr
                  | Str+5}
 42357 | Crypt:3  | Reached ****** piety under the Shining One
 42379 | Crypt:3  | Identified the +10 sling "Jurch" {flame, SInv}
 42591 | Crypt:3  | Found a staircase to the Tomb.
 42612 | Crypt:3  | Identified the ring of Foolhardiness {Wiz rF- rN+ Str+2}
 42768 | Crypt:3  | Identified the +7 war axe "Owahuilo" {heavy, rElec Dex+2
                  | Stlth+}
 42849 | Crypt:3  | Identified a +9 broad axe of holy wrath (a +9 broad axe of
                  | freezing blessed by the Shining One)
 42849 | Crypt:3  | Received a gift from the Shining One
 43068 | Crypt:3  | Found an ancient bone altar of Kikubaaqudgha.
 43070 | Crypt:3  | Noticed an ancient lich
 43079 | Crypt:3  | Killed an ancient lich
 43103 | Crypt:3  | Noticed an ancient lich
 43109 | Crypt:3  | Killed an ancient lich
 44385 | Vaults:4 | You paid a toll of a +4 demon trident to enter a treasure
                  | trove
 44386 | Trove    | Entered a treasure trove
 44386 | Trove    | Found the dreamshard necklace {Acrobat *Dream}
 44391 | Trove    | Identified the ring of Nobrass {Fly rCorr MP+9 Dex+2}
 44392 | Trove    | Identified the ring "Xupotoac" {Wiz Will+ Str+7}
 44393 | Trove    | Identified the ring of Hutodd {Fly rC+ Will+}
 44396 | Trove    | Identified the ring of Muevemio {rPois Str+3 Slay+4 Stlth+}
 44397 | Trove    | Identified the ring "Sibluumi" {Fly Str+3}
 44401 | Trove    | Identified the amulet of Heshy {RegenMP Will+}
 44402 | Trove    | Identified the ring of Rugifut {rElec Str+5 SInv}
 44406 | Trove    | Identified the ring "Letogococs" {Fly rPois rC+}
 44499 | Vaults:5 | Noticed luciddream001's illusion
 44500 | Vaults:5 | Killed Mara
 44528 | Vaults:5 | Identified the +8 fire dragon scales of the Original Sin
                  | {rF++ rC- Will++ Regen+ Dex+3}
 44567 | Vaults:5 | Reached skill level 27 in Fighting
 44612 | Vaults:5 | Reached XP level 25. HP: 237/257 MP: 31/31
 44809 | Vaults:5 | Identified the +6 ring mail of the Seven Knives {Int+2}
 44811 | Vaults:5 | Identified the +2 quarterstaff "Peurchom" {freeze, rElec
                  | Int-4 Dex+3}
 44909 | Vaults:5 | Identified the +0 crystal plate armour "Ypydyicraz" {rElec
                  | rCorr Dex+2}
 44915 | Vaults:5 | Got a silver rune of Zot
 44933 | Vaults:5 | Identified the +4 great mace of Geguo {vamp, rN+ SInv}
 44978 | Vaults:5 | Found Homenn's Distillery.
 44987 | Vaults:5 | Bought a potion of heal wounds for 80 gold pieces
 44987 | Vaults:5 | Bought a potion of haste for 160 gold pieces
 44987 | Vaults:5 | Bought 2 potions of haste for 320 gold pieces
 44987 | Vaults:5 | Bought a potion of mutation for 128 gold pieces
 44987 | Vaults:5 | Bought a potion of attraction for 48 gold pieces
 44987 | Vaults:5 | Bought a potion of might for 64 gold pieces
 44987 | Vaults:5 | Bought a potion of invisibility for 128 gold pieces
 44987 | Vaults:5 | Bought a potion of curing for 48 gold pieces
 45021 | Vaults:5 | Found Becaoth's Distillery.
 45050 | Vaults:5 | Bought a potion of lignification for 36 gold pieces
 45050 | Vaults:5 | Bought a potion of cancellation for 96 gold pieces
 45050 | Vaults:5 | Bought a potion of curing for 36 gold pieces
 45050 | Vaults:5 | Bought a potion of curing for 36 gold pieces
 45050 | Vaults:5 | Bought a potion of heal wounds for 60 gold pieces
 45050 | Vaults:5 | Bought a potion of heal wounds for 60 gold pieces
 45050 | Vaults:5 | Bought a potion of lignification for 36 gold pieces
 45050 | Vaults:5 | Bought a potion of mutation for 96 gold pieces
 45277 | Vaults:5 | Noticed an ancient lich
 45292 | Vaults:5 | Killed an ancient lich
 45873 | Depths:1 | Acquired a manual of Ranged Weapons
 46748 | Zot:1    | Entered Level 1 of the Realm of Zot
 48369 | Zot:2    | Reached skill level 27 in Axes
 48776 | Zot:3    | Reached XP level 26. HP: 243/266 MP: 31/31
 49389 | Zot:4    | Identified the of Zamaes
 49709 | Zot:4    | Reached skill level 27 in Armour
 50312 | Zot:4    | Was forgiven by Okawaru
 50351 | Zot:4    | Identified the +6 morningstar of Spite {freeze, rN+++ Str-3
                  | Dex+3}
 50650 | Zot:5    | Entered Level 5 of the Realm of Zot
 51061 | Zot:5    | Noticed an ancient lich
 51068 | Zot:5    | Killed an ancient lich
 51092 | Zot:5    | Noticed an ancient lich
 51095 | Zot:5    | Noticed an orb of fire
 51098 | Zot:5    | Killed an ancient lich
 51099 | Zot:5    | Gained mutation: You are vulnerable to heat. (rF-) [an orb
                  | of fire]
 51103 | Zot:5    | Killed an orb of fire
 51110 | Zot:5    | Lost mutation: You are vulnerable to heat. (rF-) [potion of
                  | mutation]
 51110 | Zot:5    | Gained mutation: You passively map a small area around you.
                  | [potion of mutation]
 51110 | Zot:5    | Gained mutation: You are agile. (Dex +4, Str/Int -1)
                  | [potion of mutation]
 51110 | Zot:5    | Gained mutation: Your body sometimes deteriorates upon
                  | taking damage. [potion of mutation]
 51111 | Zot:5    | Lost mutation: Your body sometimes deteriorates upon taking
                  | damage. [potion of mutation]
 51111 | Zot:5    | Lost mutation: You passively map a small area around you.
                  | [potion of mutation]
 51111 | Zot:5    | Lost mutation: You are agile. (Dex +4, Str/Int -1) [potion
                  | of mutation]
 51111 | Zot:5    | Gained mutation: You have a pair of large horns on your
                  | head. [potion of mutation]
 51111 | Zot:5    | Gained mutation: You have large cloven feet. [potion of
                  | mutation]
 51111 | Zot:5    | Gained mutation: Your flesh is cold resistant. (rC+)
                  | [potion of mutation]
 51126 | Zot:5    | Noticed an orb of fire
 51133 | Zot:5    | Killed an orb of fire
 51135 | Zot:5    | Noticed an orb of fire
 51157 | Zot:5    | Killed an orb of fire
 51158 | Zot:5    | Reached XP level 27. HP: 246/273 MP: 31/31
 51260 | Zot:5    | Noticed an orb of fire
 51260 | Zot:5    | Noticed an orb of fire
 51263 | Zot:5    | Noticed an orb of fire
 51263 | Zot:5    | Noticed a dread lich
 51268 | Zot:5    | Killed an orb of fire
 51271 | Zot:5    | Killed an orb of fire
 51277 | Zot:5    | Killed an orb of fire
 51283 | Zot:5    | Killed a dread lich
 51288 | Zot:5    | Noticed an ancient lich
 51301 | Zot:5    | Killed an ancient lich
 51391 | Zot:4    | Lost mutation: You have a pair of large horns on your head.
                  | [potion of mutation]
 51391 | Zot:4    | Lost mutation: Your flesh is cold resistant. (rC+) [potion
                  | of mutation]
 51391 | Zot:4    | Gained mutation: You are agile. (Dex +4, Str/Int -1)
                  | [potion of mutation]
 51391 | Zot:4    | Gained mutation: Your spells are a little easier to cast,
                  | but a little less powerful. [potion of mutation]
 51577 | Hell     | Entered the Vestibule of Hell
 51577 | Hell     | Noticed Geryon
 51585 | Hell     | Killed Geryon
 51600 | Hell     | Noticed Murray
 51629 | Hell     | Killed Murray
 51730 | Hell     | Found a gateway to the Iron City of Dis.
 51800 | Hell     | Found a gateway to the ashen valley of Gehenna.
 51896 | Hell     | Found a gateway to the decaying netherworld of Tartarus.
 51961 | Hell     | Found a gateway to the freezing wastes of Cocytus.
 52289 | Slime:5  | Identified the "Udugo"
 52289 | Tomb:3   | Identified the of Rabrim
 52289 | Tomb:3   | Identified the of Ofaimyr
 52289 | Tar:7    | Identified the of Noechuc
 52289 | Dis:7    | Identified the "Pystrer"
 52289 | Pan      | Entered Pandemonium
 52382 | Pan      | Noticed Mauno the pandemonium lord
 52393 | Pan      | Killed Mauno the pandemonium lord
 52537 | Pan      | Found an exit through the horrors of the Abyss.
 52810 | Pan      | Noticed Mitsacaf the pandemonium lord
 52818 | Pan      | Killed Mitsacaf the pandemonium lord
 52869 | Pan      | Gained mutation: You occasionally lose the ability to read
                  | scrolls when taking damage. [a cacodemon]
 52882 | Pan      | Gained mutation: Your body sometimes deteriorates upon
                  | taking damage. [a cacodemon]
 52915 | Pan      | Lost mutation: Your spells are a little easier to cast, but
                  | a little less powerful. [potion of mutation]
 52915 | Pan      | Lost mutation: Your body sometimes deteriorates upon taking
                  | damage. [potion of mutation]
 52915 | Pan      | Lost mutation: You have large cloven feet. [potion of
                  | mutation]
 52915 | Pan      | Gained mutation: You are very agile. (Dex +8, Str/Int -2)
                  | [potion of mutation]
 52915 | Pan      | Gained mutation: You are robust. (+10% HP) [potion of
                  | mutation]
 52915 | Pan      | Gained mutation: Your natural rate of healing is unusually
                  | fast. [potion of mutation]
 52956 | Pan      | Found an exit through the horrors of the Abyss.
 53268 | Pan      | Noticed Fizihi the pandemonium lord
 53279 | Pan      | Reached skill level 1 in Shapeshifting
 53289 | Pan      | Killed Fizihi the pandemonium lord
 53332 | Pan      | Identified the +6 quarterstaff of the Ageless Nights
                  | {antimagic, rF+ rN++ Will+ Dex-5}
 53376 | Pan      | Identified the of Mimenar
 53389 | Pan      | Gained mutation: Armour fits poorly on your strangely
                  | shaped body. [a cacodemon]
 53391 | Pan      | Gained mutation: You are weak. (Str -2) [a cacodemon]
 53454 | Pan      | Identified the scarf "Cazuyt" {rC+ rF+, +Blink MP-9 Slay+2}
 53596 | Pan      | Identified the +1 robe of Zin's Castigation {+Blink rN++
                  | Slay+2}
 53726 | Pan      | Identified the ring of Salvation {rC+ MP+9 Int+3}
 53833 | Pan      | Noticed Mubleplu the pandemonium lord
 53844 | Pan      | Killed Mubleplu the pandemonium lord
 53855 | Depths:1 | Escaped Pandemonium
 54002 | D:8      | Fell from the grace of the Shining One
 54002 | D:8      | Became a worshipper of Zin the Law-Giver
 54002 | D:8      | Reached * piety under Zin
 54002 | D:8      | Reached ** piety under Zin
 54002 | D:8      | Reached *** piety under Zin
 54002 | D:8      | Reached **** piety under Zin
 54002 | D:8      | Reached ***** piety under Zin
 54003 | D:8      | Donated 3442 gold pieces to Zin
 54169 | Depths:1 | Voluntarily entered the Abyss.
 54223 | Abyss:2  | Found a corrupted altar of Lugonu.
 54252 | Abyss:2  | Found a corrupted altar of Lugonu.
 54268 | Abyss:2  | Found a corrupted altar of Lugonu.
 54335 | Abyss:2  | Reached ****** piety under Zin
 54432 | Abyss:2  | Found a corrupted altar of Lugonu.
 54444 | Abyss:2  | Lost mutation: You are weak. (Str -2) [potion of mutation]
 54444 | Abyss:2  | Lost mutation: Your natural rate of healing is unusually
                  | fast. [potion of mutation]
 54445 | Abyss:2  | Lost mutation: Armour fits poorly on your strangely shaped
                  | body. [potion of mutation]
 54445 | Abyss:2  | Lost mutation: You occasionally lose the ability to read
                  | scrolls when taking damage. [potion of mutation]
 55108 | Abyss:2  | Reached skill level 27 in Dodging
 55229 | Abyss:3  | Reached skill level 5 in Shapeshifting
 55441 | Depths:1 | Escaped the Abyss
 55445 | Depths:1 | Voluntarily entered the Abyss.
 55448 | Abyss:4  | Found a corrupted altar of Lugonu.
 55455 | Depths:1 | Escaped the Abyss
 55457 | Depths:1 | Voluntarily entered the Abyss.
 55459 | Abyss:4  | Found a corrupted altar of Lugonu.
 55549 | Depths:1 | Escaped the Abyss
 55553 | Depths:1 | Voluntarily entered the Abyss.
 55953 | Abyss:4  | Noticed an ancient lich
 55971 | Abyss:4  | Killed an ancient lich
 55992 | Abyss:4  | Lost intelligence.
 56092 | Abyss:4  | Lost intelligence.
 56117 | Abyss:4  | Found a corrupted altar of Lugonu.
 56231 | Abyss:4  | Reached skill level 10 in Shapeshifting
 56245 | Abyss:4  | Noticed a dread lich
 56253 | Abyss:4  | Killed a dread lich
 56332 | Abyss:4  | Paralysed by accursed screaming for 1 turns
 56339 | Abyss:4  | Paralysed by accursed screaming for 1 turns
 56520 | Abyss:4  | Paralysed by accursed screaming for 1 turns
 56606 | Depths:1 | Escaped the Abyss
 56630 | Depths:1 | Voluntarily entered the Abyss.
 56639 | Abyss:4  | Found a corrupted altar of Lugonu.
 56794 | Depths:1 | Escaped the Abyss
 56826 | Depths:1 | Voluntarily entered the Abyss.
 56826 | Abyss:4  | Found a corrupted altar of Lugonu.
 56828 | Abyss:4  | Found a corrupted altar of Lugonu.
 56903 | Abyss:4  | Found a corrupted altar of Lugonu.
 57012 | Abyss:4  | Paralysed by accursed screaming for 1 turns
 57028 | Abyss:4  | Paralysed by accursed screaming for 1 turns
 57181 | Depths:1 | Escaped the Abyss
 57183 | Depths:1 | Voluntarily entered the Abyss.
 57374 | Abyss:4  | Found a corrupted altar of Lugonu.
 57434 | Abyss:4  | Noticed a dread lich
 57453 | Abyss:4  | Killed a dread lich
 57464 | Depths:1 | Escaped the Abyss
 57523 | Depths:1 | Voluntarily entered the Abyss.
 57699 | Abyss:4  | Paralysed by accursed screaming for 1 turns
 57754 | Depths:1 | Escaped the Abyss
 57853 | Depths:1 | Voluntarily entered the Abyss.
 57970 | Abyss:4  | Reached skill level 15 in Shapeshifting
 58305 | Abyss:4  | Found a corrupted altar of Lugonu.
 58387 | Abyss:4  | Got an abyssal rune of Zot
 58481 | Depths:1 | Escaped the Abyss
 58483 | Depths:1 | Voluntarily entered the Abyss.
 58483 | Abyss:4  | Identified the of Zecix
 58486 | Abyss:4  | Found a corrupted altar of Lugonu.
 58597 | Abyss:4  | Found a corrupted altar of Lugonu.
 58763 | Depths:1 | Escaped the Abyss
 58775 | Depths:1 | Voluntarily entered the Abyss.
 58825 | Abyss:4  | Paralysed by accursed screaming for 1 turns
 58831 | Abyss:4  | Paralysed by accursed screaming for 1 turns
 58878 | Depths:1 | Escaped the Abyss
 58966 | Depths:1 | Voluntarily entered the Abyss.
 58968 | Abyss:4  | Found a corrupted altar of Lugonu.
 59001 | Abyss:4  | Found a corrupted altar of Lugonu.
 59166 | Abyss:4  | Found a corrupted altar of Lugonu.
 59195 | Depths:1 | Escaped the Abyss
 59228 | Depths:1 | Voluntarily entered the Abyss.
 59307 | Depths:1 | Escaped the Abyss
 59309 | Depths:1 | Voluntarily entered the Abyss.
 59317 | Abyss:4  | Found a corrupted altar of Lugonu.
 59416 | Depths:1 | Escaped the Abyss
 59418 | Depths:1 | Voluntarily entered the Abyss.
 59418 | Abyss:4  | Found a corrupted altar of Lugonu.
 59687 | Depths:1 | Escaped the Abyss
 59689 | Depths:1 | Voluntarily entered the Abyss.
 59916 | Depths:1 | Escaped the Abyss
 59918 | Depths:1 | Voluntarily entered the Abyss.
 59932 | Abyss:4  | Found a corrupted altar of Lugonu.
 60013 | Abyss:4  | Noticed a dread lich
 60017 | Abyss:4  | Killed a dread lich
 60140 | Abyss:4  | Found a corrupted altar of Lugonu.
 60253 | Abyss:4  | Found a transporter.
 60256 | Abyss:4  | Found a corrupted altar of Lugonu.
 60262 | Abyss:4  | Found a transporter.
 60309 | Abyss:4  | Identified the ring "Tyhor" {rElec rC+ Int+3}
 60328 | Abyss:4  | Found a transporter.
 60336 | Abyss:4  | Identified the +3 war axe of Slow Death {vamp, Stlth+}
 60367 | Depths:1 | Escaped the Abyss
 60384 | Depths:1 | Voluntarily entered the Abyss.
 60471 | Depths:1 | Escaped the Abyss
 60532 | Depths:1 | Voluntarily entered the Abyss.
 60613 | Depths:1 | Escaped the Abyss
 60615 | Depths:1 | Voluntarily entered the Abyss.
 60857 | Depths:1 | Escaped the Abyss
 60898 | Depths:1 | Voluntarily entered the Abyss.
 61308 | Depths:1 | Escaped the Abyss
 61310 | Depths:1 | Voluntarily entered the Abyss.
 61506 | Abyss:5  | Paralysed by accursed screaming for 2 turns
 61512 | Abyss:5  | Paralysed by accursed screaming for 2 turns
 61516 | Abyss:5  | Paralysed by accursed screaming for 2 turns
 61531 | Depths:1 | Escaped the Abyss
 61590 | Depths:1 | Voluntarily entered the Abyss.
 61590 | Abyss:5  | Identified the "Tobliklo"
 61590 | Abyss:5  | Identified the of Gaoh Odgh
 61590 | Abyss:5  | Identified the "Owkil"
 61590 | Abyss:5  | Identified the "Xaucaric"
 61590 | Abyss:5  | Identified the of Mesheodd
 61590 | Abyss:5  | Identified the "Kyisezemm"
 61590 | Abyss:5  | Identified the of Jutuichi
 61590 | Abyss:5  | Identified the "Tiam Dao"
 61590 | Abyss:5  | Identified the "Oqeucui"
 61885 | Abyss:5  | Noticed an ancient lich
 61889 | Abyss:5  | Killed an ancient lich
 62042 | Depths:1 | Escaped the Abyss
 62270 | Slime:1  | Entered Level 1 of the Pits of Slime
 62362 | Slime:2  | Noticed Dissolution
 62369 | Slime:2  | Killed Dissolution
 62671 | Slime:5  | Entered Level 5 of the Pits of Slime
 62727 | Slime:5  | Noticed the Royal Jelly
 62750 | Slime:5  | Killed the Royal Jelly
 62829 | Slime:5  | Identified the +2 helmet of the Chimera {Drain +Inv rPois
                  | rCorr}
 62847 | Slime:5  | Got a slimy rune of Zot
 62957 | Slime:5  | Identified the +6 falchion of Goucroaxux {flame, +Blink
                  | Will+ Str+2}
 62975 | Slime:5  | Identified the +5 scimitar of the Grave {protect, rPois}
 62993 | Slime:5  | Identified the +4 hand axe "Nezeastre" {flame, rC+ Str+5
                  | Dex-3}
 64061 | Depths:1 | Voluntarily entered the Abyss.
 64388 | Abyss:6  | Identified the "Tenwutud"
 64388 | Abyss:6  | Identified the of Olaczef
 64388 | Abyss:6  | Identified the of Dosiod
 64388 | Abyss:6  | Identified the of Caucoim
 64388 | Abyss:6  | Identified the "Dukemo"
 64388 | Abyss:6  | Identified the "Viav"
 64388 | Abyss:6  | Identified the "Melyorig"
 64388 | Abyss:6  | Identified the of Qygamniy
 64388 | Abyss:6  | Identified the "Qouk"
 64495 | Depths:1 | Escaped the Abyss
 64737 | D:3      | Fell from the grace of Zin
 64737 | D:3      | Became a worshipper of Qazlal Stormbringer
 65031 | Elf:1    | Bought 2 scrolls of brand weapon for 285 gold pieces
 65325 | Pan      | Identified the "Nufoz"
 65325 | Pan      | Entered the realm of Mnoleg.
 65325 | Pan      | Entered Pandemonium
 65448 | Pan      | Noticed Mnoleg
 65467 | Pan      | Killed Mnoleg
 65469 | Pan      | Reached * piety under Qazlal
 65517 | Pan      | Got a glowing rune of Zot
 65592 | Pan      | Reached ** piety under Qazlal
 65623 | Pan      | Entered the realm of Gloorx Vloq.
 65686 | Pan      | Found an exit through the horrors of the Abyss.
 65771 | Pan      | Noticed Gloorx Vloq
 65783 | Pan      | Killed Gloorx Vloq
 65793 | Pan      | Reached *** piety under Qazlal
 65808 | Pan      | Got a dark rune of Zot
 65898 | Pan      | Identified the "Bohieno"
 65898 | Pan      | Entered the realm of Cerebov.
 65898 | Pan      | Found an exit through the horrors of the Abyss.
 66213 | Pan      | Found the +6 sword of Cerebov {flame}
 66213 | Pan      | Noticed Cerebov
 66276 | Pan      | Identified the staff "Fyiwkuc" {rC+ rN+ Str+5 Dex-4 Necro}
 66343 | Pan      | Killed Cerebov
 66354 | Pan      | Identified the +7 great mace "Bequh" {drain, Int+6}
 66489 | Pan      | Got a fiery rune of Zot
 66512 | Pan      | Identified the +7 dagger of Accord {drain, *Noise rElec
                  | rPois Dex+5}
 66514 | Pan      | Identified the ring of Fyqybadgh {Fire *Corrode rN++ Dex+3}
 66522 | Pan      | Identified the ring of Vethro {Str+2 Dex+6}
 66645 | Pan      | Reached **** piety under Qazlal
 66986 | Pan      | Found a runed translucent door.
 67014 | Pan      | Noticed Yqyruebb the pandemonium lord
 67029 | Pan      | Killed Yqyruebb the pandemonium lord
 67211 | Pan      | Identified the +2 leather armour of the Alphagorgon {rC+
                  | Will+}
 67530 | Pan      | Reached ***** piety under Qazlal
 67763 | Pan      | Noticed Tech the pandemonium lord
 67773 | Pan      | Killed Tech the pandemonium lord
 68393 | Pan      | Got a demonic rune of Zot
 68524 | Pan      | Reached ****** piety under Qazlal
 68580 | Pan      | Noticed Boh Vuck the pandemonium lord
 68594 | Pan      | Killed Boh Vuck the pandemonium lord
 68830 | Pan      | Found an exit through the horrors of the Abyss.
 69217 | Pan      | Noticed Ifywinen the pandemonium lord
 69231 | Pan      | Reached skill level 15 in Invocations
 69232 | Pan      | Killed Ifywinen the pandemonium lord
 69332 | Pan      | Found an exit through the horrors of the Abyss.
 69622 | Pan      | Entered the realm of Lom Lobon.
 69699 | Pan      | Noticed Lom Lobon
 69711 | Pan      | Killed Lom Lobon
 69734 | Pan      | Got a magical rune of Zot
 70117 | Depths:2 | Escaped Pandemonium
 70244 | Geh:1    | Entered Level 1 of Gehenna
 70597 | Geh:4    | Noticed an ancient lich
 70597 | Geh:4    | Noticed a dread lich
 70598 | Geh:4    | Noticed an ancient lich
 70600 | Geh:4    | Noticed a dread lich
 70602 | Geh:4    | Killed an ancient lich
 70605 | Geh:4    | Killed a dread lich
 70615 | Geh:4    | Killed an ancient lich
 70618 | Geh:4    | Killed a dread lich
 70839 | Geh:7    | Entered Level 7 of Gehenna
 71048 | Geh:7    | Noticed the Serpent of Hell
 71056 | Geh:7    | Killed the Serpent of Hell
 71122 | Geh:7    | Found the +13 sceptre of Asmodeus
 71122 | Geh:7    | Noticed Asmodeus
 71152 | Geh:7    | HP: 9/300 [Brimstone Fiend/damnation[Asmodeus] (19)]
 71156 | Geh:7    | Killed Asmodeus
 71174 | Geh:7    | Got an obsidian rune of Zot
 71338 | Hell     | Upgraded the game from 0.31-a0-1035-gd25c09d to
                  | 0.31-a0-1042-ga9834b3
 71378 | Coc:1    | Entered Level 1 of Cocytus
 71690 | Coc:3    | Paralysed by a wendigo for 1 turns
 71830 | Coc:5    | Paralysed by a wendigo for 1 turns
 72035 | Coc:7    | Entered Level 7 of Cocytus
 72445 | Coc:7    | Noticed Antaeus
 72475 | Coc:7    | Killed Antaeus
 72486 | Coc:7    | Got an icy rune of Zot
 72857 | Tar:1    | Entered Level 1 of Tartarus
 72892 | Tar:1    | Reached skill level 27 in Invocations
 73153 | Tar:7    | Entered Level 7 of Tartarus
 73181 | Tar:7    | Reached skill level 27 in Shapeshifting
 73532 | Tar:7    | Noticed Ereshkigal
 73542 | Tar:7    | Reached skill level 15 in Throwing
 73542 | Tar:7    | Killed Ereshkigal
 73559 | Tar:7    | Got a bone rune of Zot
 73815 | Dis:1    | Entered Level 1 of the Iron City of Dis
 74295 | Dis:7    | Entered Level 7 of the Iron City of Dis
 74460 | Dis:7    | Noticed a juggernaut
 74473 | Dis:7    | Killed a juggernaut
 74503 | Dis:7    | Noticed a juggernaut
 74507 | Dis:7    | Noticed a juggernaut
 74509 | Dis:7    | Killed a juggernaut
 74518 | Dis:7    | Killed a juggernaut
 74859 | Dis:7    | Noticed Dispater
 74875 | Dis:7    | Killed Dispater
 74899 | Dis:7    | Identified the +5 shortbow of the Smoking Traitor
                  | {antimagic, Str+3}
 74902 | Dis:7    | Identified the staff "Celad" {rC+ Conj}
 74904 | Dis:7    | Got an iron rune of Zot
 74906 | Dis:7    | Identified the staff of Action {rF+ rC+ Will+ SInv Fire}
 75558 | Tomb:1   | Entered Level 1 of the Tomb of the Ancients
 75799 | Tomb:1   | Noticed a royal mummy
 75807 | Tomb:1   | Killed a royal mummy
 76024 | Tomb:1   | Noticed a royal mummy
 76029 | Tomb:1   | Killed a royal mummy
 76198 | Tomb:2   | Noticed a royal mummy
 76199 | Tomb:2   | Noticed a royal mummy
 76199 | Tomb:2   | Noticed a royal mummy
 76201 | Tomb:2   | Noticed a royal mummy
 76208 | Tomb:2   | Killed a royal mummy
 76210 | Tomb:2   | Killed a royal mummy
 76212 | Tomb:2   | Killed a royal mummy
 76224 | Tomb:2   | Killed a royal mummy
 76320 | Tomb:1   | Noticed a royal mummy
 76320 | Tomb:1   | Noticed a royal mummy
 76320 | Tomb:1   | Noticed a royal mummy
 76328 | Tomb:1   | Noticed a royal mummy
 76338 | Tomb:1   | Killed a royal mummy
 76344 | Tomb:1   | Killed a royal mummy
 76350 | Tomb:1   | Killed a royal mummy
 76362 | Tomb:1   | Killed a royal mummy
 76373 | Tomb:1   | Noticed a royal mummy
 76376 | Tomb:1   | Noticed a royal mummy
 76378 | Tomb:1   | Killed a royal mummy
 76382 | Tomb:1   | Killed a royal mummy
 76385 | Tomb:1   | Noticed a royal mummy
 76387 | Tomb:1   | Noticed a royal mummy
 76388 | Tomb:1   | Noticed a royal mummy
 76392 | Tomb:1   | Killed a royal mummy
 76395 | Tomb:1   | Noticed a royal mummy
 76398 | Tomb:1   | Noticed a royal mummy
 76399 | Tomb:1   | Killed a royal mummy
 76400 | Tomb:1   | Killed a royal mummy
 76407 | Tomb:1   | Killed a royal mummy
 76407 | Tomb:1   | Killed a royal mummy
 76408 | Tomb:1   | Noticed a royal mummy
 76413 | Tomb:1   | Killed a royal mummy
 76428 | Tomb:1   | Noticed a royal mummy
 76428 | Tomb:1   | Noticed a royal mummy
 76428 | Tomb:1   | Noticed a royal mummy
 76428 | Tomb:1   | Noticed a royal mummy
 76432 | Tomb:1   | Killed a royal mummy
 76433 | Tomb:1   | Killed a royal mummy
 76435 | Tomb:1   | Killed a royal mummy
 76438 | Tomb:1   | Killed a royal mummy
 76445 | Tomb:1   | Noticed a royal mummy
 76453 | Tomb:1   | Killed a royal mummy
 76464 | Tomb:1   | Noticed a royal mummy
 76470 | Tomb:1   | Killed a royal mummy
 76472 | Tomb:1   | Noticed a royal mummy
 76480 | Tomb:1   | Killed a royal mummy
 76488 | Tomb:1   | Noticed a royal mummy
 76492 | Tomb:1   | Killed a royal mummy
 76528 | Tomb:1   | Noticed a royal mummy
 76535 | Tomb:1   | Killed a royal mummy
 76536 | Tomb:1   | Reached skill level 27 in Throwing
 76536 | Tomb:1   | Noticed a royal mummy
 76537 | Tomb:1   | Noticed a royal mummy
 76543 | Tomb:1   | Killed a royal mummy
 76544 | Tomb:1   | Reached skill level 1 in Stealth
 76545 | Tomb:1   | Killed a royal mummy
 76571 | Tomb:1   | Noticed a royal mummy
 76576 | Tomb:1   | Killed a royal mummy
 76585 | Tomb:1   | Noticed a royal mummy
 76586 | Tomb:1   | Noticed a royal mummy
 76589 | Tomb:1   | Killed a royal mummy
 76589 | Tomb:1   | Lost intelligence.
 76596 | Tomb:1   | Killed a royal mummy
 76618 | Tomb:1   | Reached skill level 5 in Stealth
 76716 | Tomb:3   | Entered Level 3 of the Tomb of the Ancients
 76733 | Tomb:3   | Noticed a royal mummy
 76733 | Tomb:3   | Noticed a royal mummy
 76733 | Tomb:3   | Noticed a royal mummy
 76733 | Tomb:3   | Noticed a royal mummy
 76733 | Tomb:3   | Noticed a royal mummy
 76733 | Tomb:3   | Noticed a royal mummy
 76736 | Tomb:3   | Killed a royal mummy
 76736 | Tomb:3   | Killed a royal mummy
 76736 | Tomb:3   | Noticed a royal mummy
 76737 | Tomb:3   | Noticed a royal mummy
 76740 | Tomb:3   | Noticed a royal mummy
 76743 | Tomb:3   | Killed a royal mummy
 76743 | Tomb:3   | Killed a royal mummy
 76743 | Tomb:3   | Killed a royal mummy
 76743 | Tomb:3   | Killed a royal mummy
 76744 | Tomb:3   | Reached skill level 10 in Stealth
 76744 | Tomb:3   | Killed a royal mummy
 76748 | Tomb:3   | Killed a royal mummy
 76749 | Tomb:3   | Killed a royal mummy
 76830 | Tomb:3   | Got a golden rune of Zot
 76856 | Tomb:3   | Found the ring of Shadows {Umbra +Inv Stlth+}
 76859 | Tomb:3   | Found the +5 moon troll leather armour {Spirit, Regen++
                  | MP+5}
 76872 | Tomb:3   | Identified the ring of Juqocank {rCorr EV+5}
 76874 | Tomb:3   | Identified the +7 demon whip of Evisceration {pain, *Noise
                  | rF+ Dex+9}
 76876 | Tomb:3   | Identified the amulet of Henotheism {Faith rF++ rC+}
 76886 | Tomb:3   | Identified the ring of Intercession {Fire Fly rElec rN++
                  | Dex-2}
 77778 | Zot:5    | Got the Orb of Zot
 78638 | D:$      | Escaped with the Orb!

Illustrated notes

Levels and vault maps discovered:
D:1:      onia_arrival_pentagram, layout_basic
D:2:      layout_loops_ring, grunt_ministairs_6
D:3:      layout_loops_ring, nicolae_qazlal_beasts_of_the_sky
D:4:      layout_loops_corners, minmay_temple_entry_nine_rooms,
          ebering_ghost_sewer_d, uniq_duvessa
D:5:      layout_basic, uniq_grinder, uniq_sigmund
D:6:      layout_gridville, minitemple, minmay_between, uniq_jeremiah
D:7:      layout_basic, nemelex_xobeh_ov_fountains_minmay,
          general_overflow_altar
D:8:      nicolae_whirlpool, layout_basic, lemuel_crystal_altar,
          corexii_checkpoint, lemuel_flame_loot_1
D:9:      layout_long_grid, serial_shops, shop, serial_demonic,
          serial_demonic_a, serial_demonic_a, serial_demonic_c,
          serial_demonic_c, minmay_misc_feat_columns, amcnicky_mini_pool_small
D:10:     layout_cave_pools, grunt_dithmenos_shadows, enter_bailey_2,
          roderic_lattice_a, uniq_urug
D:11:     layout_roguey, grunt_lair_entry_orc_guard_hut
D:12:     layout_cave_pools, orc_0_dummy, nicolae_benzene_ring, led_sif_pool
D:13:     layout_basic
D:14:     minmay_the_grid_square_5x5_3x3 [minmay_the_grid_square_5x5_two,
          minmay_the_grid_square_5x5_spiral, minmay_the_grid_square_5x5_bite,
          minmay_the_grid_square_5x5_hourglass,
          minmay_the_grid_square_5x5_megaprize_checkered,
          minmay_the_grid_square_5x5_lines,
          minmay_the_grid_square_5x5_spiral_small,
          minmay_the_grid_square_5x5_comb, minmay_the_grid_square_5x5_shrine1],
          layout_stronghold, david_vaults_5, minivault_19
D:15:     grunt_enter_depths_giant_problem, layout_irregular_city,
          nicolae_hepliaklqana_ecumenical_no_more, elyvilon_altar_3
Temple:   nicolae_temple_no_exploring_needed
Lair:1:   layout_gridlike, ebering_ghost_reflecting_pool, hibernation_bobbens,
          uniq_gastronok, uniq_nergalle, uniq_amaemon
Lair:2:   layout_long_grid, minmay_swamp_entry_worms, dreamdust_gnoll_shepherd,
          grunt_megastairs_3
Lair:3:   dragon1_lemuel, layout_chaotic_city, nicolae_snake_entry_warm_welcome,
          minmay_lair_oklob_bushes, chequers_serial_rivers_room_a, minivault_26,
          beast_lair_carwin_5
Lair:4:   layout_regular_city, minmay_slime_entry_pillars, grunt_megastairs_4
Lair:5:   due_jungle_book, layout_regular_city,
          gammafunk_ghost_wrathful_warriors, basic_altar,
          chequers_serial_rivers_room_b
Swamp:1:  layout_falls_marsh, serial_swamp_ruin, evilmike_swamp_ruin_house_4,
          evilmike_swamp_ruin_house_2, hangedman_swamp_ruin_wall, uniq_frances
Swamp:2:  layout_basic_swamp, nicolae_swamp_trees_clearing
Swamp:3:  layout_basic_swamp, evilmike_swamp_ruin_house_6, swamp_pool_1_2
Swamp:4:  swamp, layout_basic_swamp, gammafunk_ghost_arena, swamp_pool_3
Snake:1:  layout_misc_corridors, gammafunk_ghost_abyssal_escape,
          grunt_megastairs_5
Snake:2:  nicolae_snake_hallway, layout_basic, serial_shops,
          nicolae_lakefront_shop, shop
Snake:3:  layout_rooms, nicolae_snake_coiling_death, uniq_asterion
Snake:4:  grunt_snake_rune_serpentine_throne, layout_cave_town,
          grunt_ministairs_4, grunt_megastairs_1
Slime:1:  layout_caves, cheibrodos_slime_lost_civilization_7
Slime:2:  layout_caves, dissolution_awaits, uniq_dissolution
Slime:3:  layout_caves
Slime:4:  layout_caves
Slime:5:  slime_pit_nicolae_block_by_block
Orc:1:    layout_diamond_mine, serial_shops, shop
Orc:2:    hellmonk_orc_salted, layout_caves, enter_volcano_3
Elf:1:    eino_elf_arrival_customs, layout_gridlike, serial_shops, shop,
          nicolae_shop_tiny_statue_garden, nicolae_shop_rolling_square,
          kennysheep_underground_church, minivault_16, uniq_kirke
Elf:2:    nicolae_elf_blades_crystal_corner, layout_geoelf_diagonals,
          nicolae_danse_macabre, uniq_zenata
Elf:3:    elf_hall_gauntlet_narrow, layout_geoelf_diagonals, uniq_roxanne
Vaults:1: ontoclasm_vaults_hangar, nicolae_vaults_yaktaur_gun_rack,
          grunt_vaults_swirl, vaults_room_pools,
          nicolae_vaults_layer_cake_slice, v_misc_15, nicolae_vaults_mitosis,
          v_alt_pattern_5, ontoclasm_vaults_spin, v_alt_pattern_4, v_misc_10,
          layout_vaults_big_room, uniq_norris
Vaults:2: portal_desolation_entry_nicolae_slug, vaults_dpeg_diagonal,
          grunt_vaults_trifunnel, nicolae_vaults_sesquioval_fish, v_pattern_5,
          nicolae_vaults_inception_scallops, vaults_room_pool, v_alt_pattern_4,
          v_rooms_4, nicolae_vaults_doubleplus_tesselated,
          nicolae_vaults_asterisk, serial_ice_m,
          nicolae_vaults_security_offices_3, grunt_vaults_funnel,
          nicolae_vaults_house_2, layout_vaults_ring, serial_shops, shop,
          uniq_saint_roka, uniq_aizul
Vaults:3: mu_enter_wizlab_3, nicolae_vaults_cornered_office,
          nicolae_vaults_theta, nicolae_vaults_closet_pinwheel_3,
          minmay_crypt_entry_simple_sparse, nicolae_vaults_tetromino_Z_2,
          vaults_room_fancy_cross, nicolae_vaults_windows_and_doors_thing,
          nicolae_vaults_murderbox, v_misc_22, nicolae_vaults_tetromino_T_2,
          layout_vaults_big_cross, serial_shops, nicolae_shop_trees, uniq_sojobo
Vaults:4: nicolae_vaults_network_periphery, nicolae_vaults_turnstiles,
          v_misc_31, vaults_room_semicircle, v_misc_2,
          serial_library_hellmonk_reading_circle,
          nicolae_vaults_you_can_take_it_with_you, v_misc_13,
          ontoclasm_vaults_claustrophobia, nicolae_vaults_closet_pinwheel_1,
          grunt_vaults_twisty, layout_vaults_omnigrid,
          nicolae_trove_entry_free_sample
Vaults:5: uniq_mara
Crypt:1:  layout_regular_city, serial_sigils_hangedman_writhe, tombwall_bobbens
Crypt:2:  tekkud_devil_daggers, layout_misc_corridors, uniq_xtahua
Crypt:3:  quadcrypt_mu
Tomb:1
Tomb:2
Tomb:3
Depths:1: layout_honeycomb, abyss_entry_crystal, hell_entry,
          grunt_pan_entry_spiral, nicolae_titane, nicolae_vehumet_altar_sigil
Depths:2: minmay_gate_of_8, layout_cave_pools, enter_ziggurat_b, pan_entry,
          kennysheep_donut, lightli_too_deep
Depths:3: nzn_winding_woodlands_stair_cross
          [nzn_winding_woodlands_5x15_river_crossing,
          nzn_winding_woodlands_center_garden,
          nzn_winding_woodlands_5x15_lazy_stream,
          nzn_winding_woodlands_5x5_closed_star,
          nzn_winding_woodlands_5x5_perimeter,
          nzn_winding_woodlands_5x15_zeroes,
          nzn_winding_woodlands_center_triple_pond,
          nzn_winding_woodlands_5x15_cabin], layout_honeycomb, nrook_uturn,
          abyss_entry, hell_entry
Depths:4: hangedman_slaughterboxes, hell_entry
Hell
Dis:1:    layout_subdivisions, nicolae_dis_big_boring_drill
Dis:2:    layout_regular_city
Dis:3:    layout_regular_city
Dis:4:    layout_regular_city
Dis:5:    layout_subdivisions, nicolae_dis_bowling_alley
Dis:6:    layout_gridville, nicolae_dis_distal_crystal
Dis:7:    dis_grunt_layers
Geh:1:    layout_gehenna_pools_box, hangedman_elemental_grid_stream
Geh:2:    layout_gehenna_lava_caves
Geh:3:    layout_gehenna_lava_caves
Geh:4:    nicolae_hells_demon_pit, layout_gehenna_pools_box,
          nicolae_hells_leichenhalle
Geh:5:    layout_gehenna_pools_triple
Geh:6:    layout_gehenna_lava_caves
Geh:7:    geh_grunt
Coc:1:    layout_ice_bergs
Coc:2:    layout_cocytus_water_paths
Coc:3:    layout_cocytus_water_paths
Coc:4:    layout_ice_bergs
Coc:5:    layout_ice_bergs
Coc:6:    layout_cocytus_delve, nicolae_hells_hurtin_island
Coc:7:    coc_old
Tar:1:    layout_grid_maze
Tar:2:    layout_grid_maze
Tar:3:    layout_catacombs
Tar:4:    layout_grid_maze
Tar:5:    layout_grid_maze
Tar:6:    layout_cathedral_of_symmetry
Tar:7:    tar_mu [tar_mu_maze]
Zot:1:    layout_concentric_octagons, regret_index_zotdec_icy_dp
Zot:2:    layout_gridlike, regret_index_zotdec_dark_gr, amethyst_zot_foddershock
Zot:3:    layout_cathedral_of_symmetry, st_single_dragon_hoard_3
Zot:4:    hangedman_snap_crack_crunch, layout_concentric_octagons,
          grunt_ministairs_6, regret_index_zotdec_obsidian_hm,
          hangedman_snake_sidewinding
Zot:5:    layout_cathedral_of_symmetry

Skill      XL: |  1  2  3  4  5  6  7  8  9 10 11 12 13 14 15 16 17 18 19 20 21 22 23 24 25 26 27 |
---------------+----------------------------------------------------------------------------------+-----
Armour         | 4 5 6 8 10 11 13 14 16 18 21 22 24 25 27 | 27.0
Fighting       | 4 5 6 8 10 11 13 15 18 21 22 25 27 | 27.0
Shields        | 4 5 9 10 15 18 21 22 25 27 | 27.0
Axes           | 3 4 5 6 7 9 11 12 14 16 18 20 21 22 27 | 27.0
Dodging        | 1 3 5 9 10 14 15 20 27 | 27.0
Invocations    | 3 4 7 10 11 12 27 | 27.0
Throwing       | 5 10 27 | 27.0
Shapeshifting  | 27 | 27.0
Stealth        | 12 | 12.8

Action                     |  1- 3 |  4- 6 |  7- 9 | 10-12 | 13-15 | 16-18 | 19-21 | 22-24 | 25-27 || total
---------------------------+-------+-------+-------+-------+-------+-------+-------+-------+-------++-------
  Melee: War axe           |    88 |    56 |   152 |   115 |       |       |       |       |       ||   411
         Headbutt          |     6 |     9 |    34 |    57 |   143 |   192 |   294 |   355 |  2107 ||  3197
         Broad axe         |       |       |       |   136 |   659 |   970 |  1083 |  1065 |  6405 || 10318
  Throw: Dart              |       |       |     2 |     7 |       |       |       |       |     3 ||    12
         Javelin           |       |       |       |     1 |       |       |       |     4 |       ||     5
 Invoke: Heroism           |       |       |     1 |     1 |     2 |     9 |     1 |       |       ||    14
         Receive Weapon    |       |       |       |       |     1 |       |       |       |       ||     1
         Receive Armour    |       |       |       |       |     1 |       |       |       |       ||     1
         Finesse           |       |       |       |       |       |     1 |     1 |       |       ||     2
         Duel              |       |       |       |       |       |       |     1 |       |       ||     1
         Divine Shield     |       |       |       |       |       |       |       |     1 |     8 ||     9
         Brand Weapon With |       |       |       |       |       |       |       |     1 |       ||     1
         Cleansing Flame   |       |       |       |       |       |       |       |       |    10 ||    10
         Recite            |       |       |       |       |       |       |       |       |    28 ||    28
         Vitalisation      |       |       |       |       |       |       |       |       |    19 ||    19
         Disaster Area     |       |       |       |       |       |       |       |       |    19 ||    19
         Elemental Force   |       |       |       |       |       |       |       |       |    12 ||    12
         Upheaval          |       |       |       |       |       |       |       |       |     8 ||     8
         Donate Gold       |       |       |       |       |       |       |       |       |     1 ||     1
Ability: Begin Untransform |       |       |       |       |       |       |       |       |     1 ||     1
         Evoke Blink       |       |       |       |       |       |       |       |       |     1 ||     1
  Evoke: Wand              |       |       |     5 |    10 |     6 |       |     2 |       |       ||    23
         Lightning rod     |       |       |       |       |       |     1 |       |       |       ||     1
    Use: Potion            |       |     2 |     1 |     1 |     3 |     1 |     6 |     2 |    22 ||    38
         Scroll            |       |     2 |    10 |    16 |     5 |     7 |    16 |     8 |    14 ||    78
   Stab: Petrifying        |       |       |       |       |     1 |       |       |       |       ||     1
         Distracted        |       |       |       |       |       |     1 |     1 |    17 |    65 ||    84
         Paralysed         |       |       |       |       |       |       |       |       |    13 ||    13
         Confused          |       |       |       |       |       |       |       |       |     5 ||     5
         Invisible         |       |       |       |       |       |       |       |       |     1 ||     1
 Armour: Scale mail        |    56 |    13 |       |       |       |       |       |       |       ||    69
         Chain mail        |       |    18 |    80 |   136 |    61 |       |       |       |       ||   295
         Plate armour      |       |       |    14 |     1 |       |       |       |       |       ||    15
         Crystal plate arm |       |       |       |       |   315 |   506 |   424 |   238 |       ||  1483
         Gold dragon scale |       |       |       |       |       |       |       |    37 |  1345 ||  1382
  Dodge: Dodged            |    42 |    36 |    80 |   168 |   348 |   410 |   190 |   158 |  1234 ||  2666
         Repelled          |       |       |       |     1 |     9 |    28 |    23 |       |    42 ||   103
  Block: Buckler           |    20 |     8 |    25 |    75 |   126 |    49 |       |       |       ||   303
         Kite shield       |       |       |       |       |       |   133 |       |       |       ||   133
         Tower shield      |       |       |       |       |       |   700 |  1050 |  1011 |  6172 ||  8933
         Reflection        |       |       |       |       |       |    70 |    62 |   100 |   245 ||   477
   Form: Death             |       |       |       |       |       |       |       |       |     3 ||     3
                           |       |       |       |       |       |       |       |       |     1 ||     1

Table legend: (Time is in decaauts)
 A = Elapsed time spent in this place.
 B = Non-inter-level travel time spent in this place.
 C = Inter-level travel time spent in this place.
 D = Time resting spent in this place.
 E = Time spent auto-exploring this place.
 F = Levels seen in this place.
 G = Mean time per level.
                   A        B        C        D        E       F      G
               +--------+--------+--------+--------+--------+-----+--------+
         Total |  76676 |  67570 |   9106 |   1438 |  38311 | 139 |  551.6 |
       Dungeon |  14856 |  12187 |   2669 |    154 |   9811 |  15 |  990.4 |
        Temple |     12 |     12 |      0 |      0 |      0 |   1 |   12.0 |
          Lair |   5972 |   5050 |    922 |      0 |   4041 |   5 | 1194.4 |
         Swamp |   2543 |   2377 |    166 |     34 |   1550 |   4 |  635.8 |
     Snake Pit |   3975 |   3676 |    299 |    144 |   2220 |   4 |  993.8 |
    Slime Pits |   1408 |   1388 |     20 |     10 |    675 |   5 |  281.6 |
  Orcish Mines |   1261 |   1050 |    211 |      0 |    786 |   2 |  630.5 |
   Elven Halls |   2881 |   2445 |    436 |      9 |   1338 |   3 |  960.3 |
        Vaults |   7389 |   5986 |   1403 |    180 |   3789 |   5 | 1477.8 |
         Crypt |   3513 |   2964 |    549 |      0 |   1602 |   3 | 1171.0 |
          Tomb |   1676 |   1471 |    205 |      4 |    237 |   3 |  558.7 |
        Depths |   5891 |   4814 |   1077 |    612 |   2629 |   4 | 1472.8 |
          Hell |    735 |    691 |     44 |      0 |    283 |   1 |  735.0 |
           Dis |   1104 |   1009 |     95 |     19 |     33 |   7 |  157.7 |
       Gehenna |    987 |    877 |    110 |      0 |    101 |   7 |  141.0 |
       Cocytus |   1428 |   1094 |    334 |      0 |      0 |   7 |  204.0 |
      Tartarus |    808 |    656 |    152 |     60 |     39 |   7 |  115.4 |
           Zot |   4903 |   4496 |    407 |    103 |   2775 |   5 |  980.6 |
         Abyss |   7616 |   7616 |      0 |      4 |   3162 |  30 |  253.9 |
   Pandemonium |   6037 |   6037 |      0 |    104 |   2739 |  15 |  402.5 |
         Trove |     88 |     88 |      0 |      0 |      0 |   1 |   88.0 |
        Bailey |    324 |    324 |      0 |      0 |     66 |   1 |  324.0 |
       Volcano |    268 |    268 |      0 |      0 |     14 |   1 |  268.0 |
        Wizlab |    373 |    373 |      0 |      0 |    185 |   1 |  373.0 |
    Desolation |    600 |    600 |      0 |      0 |    231 |   1 |  600.0 |
         Arena |     15 |     15 |      0 |      0 |      0 |   1 |   15.0 |
               +--------+--------+--------+--------+--------+-----+--------+

Top non-repeatable levels by time:
 Abyss:4: 5051 daAuts
Vaults:4: 1963 daAuts
Depths:4: 1910 daAuts
 Crypt:3: 1873 daAuts
Depths:1: 1791 daAuts
Vaults:2: 1616 daAuts
  Lair:5: 1586 daAuts
Vaults:1: 1424 daAuts
   Zot:4: 1366 daAuts
    D:13: 1365 daAuts
    D:14: 1353 daAuts
  Lair:3: 1279 daAuts
  Lair:1: 1262 daAuts
Vaults:3: 1249 daAuts
 Snake:4: 1199 daAuts
